Workbook
Name ______________PJ50: #REF!
Name ______________PJ50: #REF!
Name ______________PJ50: #REF!
Name ______________PJ50: #REF!
Name ______________PJ50: #REF!
Name ______________PJ50: #REF!
Name ______________PJ50: #REF!
Name ______________PJ50: #REF!
Name ______________PJ50: #REF!
Name _____________PJ50: #REF!
Name _____________PJ50: #REF!
Name _____________PJ50: #REF!
Name _____________PJ50: #REF!
Name _____________PJ50: #REF!
Name _____________PJ50: #REF!
Name _____________PJ50: #REF!
Name _____________PJ50: #REF!
Name _____________PJ50: #REF!
Name _____________PJ50: #REF!
Name ____________PJ50: #REF!
Name ____________PJ50: #REF!
Name ____________PJ50: #REF!
Name ____________PJ50: #REF!
Name ____________PJ50: #REF!
Name ____________PJ50: #REF!
Name ____________PJ50: #REF!
Name ____________PJ50: #REF!
Name ____________PJ50: #REF!
Name ____________PJ50: #REF!
Name ___________APU221: #REF!
Name ___________APU221: #REF!
Name ___________APU221: #REF!
Name ___________APU221: #REF!
Name ___________APU221: #REF!
Name ___________APU221: #REF!
Name ___________APU221: #REF!
Name ___________APU221: #REF!
Name ___________APU221: #REF!
Name ___________APU221: #REF!
Name ___________APU465: [1]!absc
Name ___________APU465: [1]!absc
Name ___________PJ50: #REF!
Name ___________PJ50: #REF!
Name ___________PJ50: #REF!
Name ___________PJ50: #REF!
Name ___________PJ50: #REF!
Name ___________PJ50: #REF!
Name ___________PJ50: #REF!
Name ___________PJ50: #REF!
Name ___________PJ50: #REF!
Name ___________PJ50: #REF!
Name ___________pj51: #REF!
Name ___________pj51: #REF!
Name ___________pj51: #REF!
Name ___________pj51: #REF!
Name ___________pj51: #REF!
Name ___________pj51: #REF!
Name ___________pj51: #REF!
Name ___________pj51: #REF!
Name ___________pj51: #REF!

Sheet Presupuesto Oficial
A1: FORMULARIO 1
A2: PRESUPUESTO OFICIAL
A3: HABILITAR Y/O BRINDAR TRANSITABILIDAD EN LA RED VIAL A CARGO DEL INVIAS, A TRAVÉS DEL SISTEMA DE MONTO AGOTABLE, EN VÍAS A CARGO DE LA DIRECCIÓN TERRITORIAL ATLANTICO
A4: [Las Entidades Estatales deben usar el presente formulario para determinar el Presupuesto Oficial del Proceso de Contratación y solo pueden modificar o ajustar aquello que en este se permite expresamente] [El presente formulario aplica para los procesos de contratación que tengan como forma de pago precios unitarios. Tratándose de otras modalidades de precio, la Entidad debe ajustarlo cuando corresponde a: precio global, llave en mano, administración delegada, reembolso de gastos o cualquier otra forma de precio.]
A6: Adicionalmente, cuando el proceso de contratación es estructurado por precios unitarios, la Entidad debe aplicar las notas 1, 2 y 3 del presente formulario y las casillas de "Descripción", "Porcentaje" de la Administración, Imprevisto, Utilidad y total A.I.U. resaltadas en color amarillo. Tratándose de otras modalidades de precio, la Entidad puede o no configurar los mismos aspectos.
A8: Nº | B8: ÍTEM DE PAGO | C8: ESPECIFICACIONES | E8: DESCRIPCIÓN | F8: UND. | G8: CANTIDAD | H8: VALOR UNITARIO | I8: VALOR TOTAL
C9: GENERAL | D9: PARTICULAR
A10: DEMOLICIONES Y EXPLANACIONES
A11: 1 | B11: 201.7 | C11: 201 | E11: DEMOLICIÓN DE ESTRUCTURAS | F11: M3 | G11: 2 | H11: ='201.7 '!N110 -> 113995.3 | I11: =G11*H11 -> 227990.6
A12: 2 | B12: ='600.1.1 '!B33 -> 600.1.1 | C12: 600 | E12: EXCAVACIONES VARIAS SIN CLASIFICAR | F12: M3 | G12: 65 | H12: ='600.1.1 '!N110 -> 22172.688 | I12: =G12*H12 -> 1441224.7
A13: Subtotal | I13: =SUM(I11:I12) -> 1669215.3
A14: ESTRUCTURAS Y DRENAJES
A15: 3 | B15: ='661.2P'!B33 -> 661.2P | C15: 661 | D15: ='661.2P'!B33 -> 661.2P | E15: TUBERIA DE CONCRETO REFORZADO, CLASE II DE 900mm DE DIAMETRO INTERIOR | F15: ML | G15: 6 | H15: ='650.2 EP1'!N108 -> 4363228.3 | I15: =G15*H15 -> 26179370
A16: 4 | B16: ='640.1'!B33 -> 640.1 | C16: 640 | E16: ACERO DE REFUERZO Fy 4200 Mpa | F16: KG | G16: 360.12 | H16: ='640.1'!N110 -> 7985.6667 | I16: =G16*H16 -> 2875798.3
A17: 5 | B17: ='630.4.1 '!B33 -> 630.4.1 | C17: 630 | E17: CONCRETO RESISTENCIA 21MPa (D) - MEZCLA IN SITU | F17: M3 | G17: 4.15 | H17: ='630.4.1 '!N110 -> 1029670.2 | I17: =G17*H17 -> 4273131.4
A18: 6 | B18: ='630.6 '!B33 -> 630.6 | C18: 630 | E18: CONCRETO RESISTENCIA 14MPa (F) | F18: M3 | G18: 21 | H18: ='630.6 '!N110 -> 739953.59 | I18: =G18*H18 -> 15539025
B19: ='630.7'!B33 -> 630.7 | C19: 630 | E19: CONCRETO RESISTENCIA 14MPa (G) - CICLÓPEO | F19: M3 | G19: 10.4 | H19: ='630.7'!N110 -> 575784.77 | I19: =G19*H19 -> 5988161.6
A20: 7 | B20: 311.1P | C20: 311 | D20: 311.1P | E20: AFIRMADO | F20: M3 | G20: 28.842566 | H20: ='311.1P '!N110 -> 240457.13 | I20: =G20*H20 -> 6935400.6
A21: 8 | B21: 610.3 | C21: 610 | E21: RELLENO PARA ESTRUCTURAS CON MATERIAL GRANULAR TIPO SBG | F21: M3 | G21: 12 | H21: ='610.3'!N89 -> 355986 | I21: =G21*H21 -> 4271832
A22: 9 | B22: 650,3P | C22: 650 | D22: 650,3P | E22: SUMINISTRO E INSTALACION DE MODULO DE PISO PUENTE METALICO (Acero ASTM A709 G-50 modulo 3,04X1,04 )( INCLUYE DESMONTE DE MODULO EXISTENTE). | F22: UND | G22: 7 | H22: ='650.2 EP1'!N108 -> 4363228.3 | I22: =G22*H22 -> 30542598
A23: Subtotal | I23: =SUM(I15:I22) -> 96605317
A25: SUBTOTAL OBRAS | I25: =I13+I23 -> 98274532
E27: SUBTOTAL OBRAS | I27: =I25 -> 98274532
E28: PROVISIÓN PARA AJUSTES, OBRAS COMPLEMENTARIAS Y/O ADICIONALES, (INCLUYE OBRAS AMBIENTALES DEL PAGA, GESTION SOCIAL Y PREDIAL) | I28: 1000000
E29: VALOR TOTAL BÁSICO DE OBRAS | I29: =I27+I28 -> 99274532
E30: VALOR IVA (OBRA) (19% SOBRE UTILIDAD OBRA) | I30: =+ROUND((I29/(1+I41)*I40*0.19),0) -> 725468
E31: ESTUDIOS Y DISEÑOS | F31: GL | G31: 0 | H31: 0 | I31: 0
E32: TOTAL IVA DE ESTUDIOS Y DISEÑOS | I32: 0
H33: TOTAL ESTUDIOS Y DISEÑOS | I33: 0
E34: VALOR TOTAL | I34: =I29+I30 -> 100000000
A37: NOTA 1: Se debe tener en cuenta que el PRECIO UNITARIO incluye el valor de A.I.U. | F37: DESCRIPCION | I37: PORCENTAJE
A38: NOTA 2: Cuando la fracción decimal del peso sea igual o superior a 5 se aproximara por exceso al número entero siguiente del peso y cuando la fracción decimal del peso sea inferior a 5 se aproximará por defecto al número entero del peso. | F38: ADMINISTRACION | H38: A= | I38: 0.2
A39: NOTA 3: El A.I.U y su discriminación deben estar en porcentaje (%). | F39: IMPREVISTO | H39: I= | I39: 0.05
A40: NOTA 4: Si el valor del A.I.U. presentado es menor al OCHENTA Y CINCO por ciento (85%) o mayor al Ciento diez por ciento (110%) del Valor Oficial del Porcentaje de A.I.U., establecido en el formulario No 1 "presupuesto oficial", la propuesta será rechazada | F40: UTILIDAD | H40: U= | I40: 0.05
A41: NOTA 5: Las OBRAS COMPLEMENTARIAS Y/O ADICIONALES incluyen las obras ambientales del PAGA, las cuales se pagarán por precios unitarios, previamente revisados y aprobados por la Interventoría, y revisados por la Subdirección de Medio Ambiente y Gestión Social y la Unidad Ejecutora respectiva. | F41: TOTAL A.I.U | H41: A.I.U.= | I41: 0.3

Sheet 201.7 
K1: CÓDIGO | L1: FR-APU-1
C2: INSTITUTO NACIONAL DE VIAS
C3: ANÁLISIS DE PRECIOS UNITARIOS DE REFERENCIA REGIONALIZADOS | K3: VERSIÓN | L3: 2021
C5: ACTUALIZACIÓN PERIÓDICA | K5: PÁGINA
K8: FECHA
L9: (Día) | M9: (Mes) | N9: (Año)
B10: ÍTEM BASE DE APU DE REFERENCIA: | E10: ⊠ | F10: PUBLICACIÓN: | H10: 2022-1 JUNIO 2022
B12: ÍTEM DE PROYECTO PARTICULAR:
B13: ÍTEM DE LA PROPUESTA ECONÓMICA: | E13: □ | H13: ÍTEM NO PREVISTO: | J13: □ | K13: ÍTEM APU PARTICULAR: | M13: □
B14: UNIDAD EJECUTORA: | J14: DIRECCIÓN TERRITORIAL:
B17: CONTRATO No. | D17: FECHA:
B18: OBJETO DEL CONTRATO:
B21: CARRETERA: | J21: SECTOR:
B23: CONTRATISTA:
B25: INTERVENTOR: | K25: CONTRATO No. | M25: FECHA: | N25: ______________
B27: FECHA DE CIERRE DEL PROCESO DE SELECCIÓN DEL CONTRATO: | I27: / | J27: /
F28: (Día) | H28: (Día) | I28: (Mes) | J28: (Año)
B30: DATOS ESPECÍFICOS
B32: ÍTEM | C32: DESCRIPCIÓN | J32: GRUPO DE AJUSTE | L32: UNIDAD | N32: CANTIDAD
B33: 201.7 | C33: DEMOLICIÓN DE ESTRUCTURAS | L33: m3
B35: I. EQUIPO
B37: CÓDIGO | C37: DESCRIPCIÓN | J37: TIPO | K37: TARIFA/HORA | L37: RENDIMIENTO | N37: Vr. UNITARIO
B38: C0010790 | C38: Retroexcavadora sobre oruga, potencia 158 kw, balde de 1.5 m3 | K38: =VLOOKUP(B38,[34]EQUIPOS!$C$6:$G$137,5,0) -> 128798.48 | L38: =1/2.5 -> 0.4 | N38: =K38*L38 -> 51519.392
B39: C0010270 | C39: Compresor portátil de 70 a 120 HP, con martillo | K39: =VLOOKUP(B39,[34]EQUIPOS!$C$6:$G$137,5,0) -> 34152.712 | L39: =1/2.5 -> 0.4 | N39: =K39*L39 -> 13661.085
B40: C0010330 | C40: Equipo de oxicorte y soldadura, capacidad de corte 6"-14" | K40: =VLOOKUP(B40,[34]EQUIPOS!$C$6:$G$137,5,0) -> 13652.491 | L40: =1/2.5 -> 0.4
N41: =K41*L41 -> 0
N42: =K42*L42 -> 0
N43: =K43*L43 -> 0
N44: =K44*L44 -> 0
N45: =K45*L45 -> 0
N46: =K46*L46 -> 0
N47: =K47*L47 -> 0
N48: =K48*L48 -> 0
N49: =K49*L49 -> 0
N50: =K50*L50 -> 0
N51: =K51*L51 -> 0
C52: HERRAMIENTA MENOR (%) | L52: 0.05 | N52: =L52*N98 -> 570.41667
B53: SUBTOTAL $ | N53: =SUM(N38:N52) -> 65750.894
B55: II. MATERIALES
B57: CÓDIGO | C57: DESCRIPCIÓN | J57: UNIDAD | K57: CANTIDAD | L57: PRECIO UNIT. | N57: Vr. UNITARIO
B58: B0013791 | C58: Derechos de conformación y/o disposición de materiales sobrantes (Incluye todos los costos inherentes a las posibles obras requeridas en los sitios de disposición de sobrantes) | J58: m3 | K58: 1.4 | L58: =VLOOKUP(B58,[34]MATERIALES!$C$6:$F$373,4,0) -> 6199.9304 | N58: =K58*L58 -> 8679.9025
N59: =K59*L59 -> 0
N60: =K60*L60 -> 0
N61: =K61*L61 -> 0
N62: =K62*L62 -> 0
N63: =K63*L63 -> 0
N64: =K64*L64 -> 0
N65: =K65*L65 -> 0
N66: =K66*L66 -> 0
N67: =K67*L67 -> 0
N68: =K68*L68 -> 0
N69: =K69*L69 -> 0
N70: =K70*L70 -> 0
... N72: =K72*L72 -> 0
B73: SUBTOTAL $ | N73: =SUM(N58:N72) -> 8679.9025
B75: III. TRANSPORTES
B77: CÓDIGO | C77: DESCRIPCIÓN | I77: UNIDAD | J77: CANTIDAD (1) | K77: DISTANCIA (2) | L77: (1) * (2) | M77: TARIFA | N77: Vr. UNITARIO
B78: T0010032 | C78: Transporte de material de demolición | I78: m3-km | J78: 1.4 | K78: 1 | L78: =J78*K78 -> 1.4 | M78: =VLOOKUP(B78,[34]TRANSPORTE!$C$6:$F$40,4,0) -> 1321.1151 | N78: =L78*M78 -> 1849.5611
N79: =L79*M79 -> 0
N80: =L80*M80 -> 0
N81: =L81*M81 -> 0
N82: =L82*M82 -> 0
B83: SUBTOTAL $ | N83: =SUM(N78:N82) -> 1849.5611
B85: IV. MANO DE OBRA
B87: CÓDIGO | C87: DESCRIPCIÓN | I87: JORNAL | J87: PRESTACIONES (%) | K87: JR. TOTAL | L87: RENDIMIENTO | N87: Vr. UNITARIO
B88: A0030020 | C88: Obrero (2) | I88: =K88/J88*100 -> 66666.667 | J88: 185 | K88: =VLOOKUP(B88,'[34]MANO DE OBRA'!$C$15:$F$79,4,0) -> 123333.33 | L88: 20 | N88: =K88/L88 -> 6166.6667
B89: A0040010 | C89: Oficial | I89: =K89/J89*100 -> 56666.667 | J89: 185 | K89: =VLOOKUP(B89,'[34]MANO DE OBRA'!$C$15:$F$79,4,0) -> 104833.33 | L89: 20 | N89: =K89/L89 -> 5241.6667
B98: SUBTOTAL $ | N98: =SUM(N88:N97) -> 11408.333
B100: TOTAL COSTO DIRECTO $ | N100: =N53+N73+N83+N98 -> 87688.691
B102: V. COSTOS INDIRECTOS
B104: DESCRIPCIÓN | K104: Porcentaje | L104: Valor Total
B105: ADMINISTRACION | K105: 0.2 | L105: =K105*N100 -> 17537.738
B106: IMPREVISTOS | K106: 0.05 | L106: =K106*N100 -> 4384.4345
B107: UTILIDAD | K107: 0.05 | L107: =K107*N100 -> 4384.4345
B108: SUBTOTAL $ | N108: =L105+L106+L107 -> 26306.607
B110: Precio Unitario Total Aproximado al Peso $ | N110: =N100+N108 -> 113995.3
E115: Firma
E116: Nombre:
E117: Representante Legal del Contratista o su Apoderado
E118: Matricula No. :
B120: OBSERVACIONES INTERVENTORÍA:
B125: APROBACIÓN POR INTERVENTORÍA
B126: Nota 1: Cuando se trate de Análisis de precios unitarios correspondientes a ítems de la propuesta económica aprobada, el Interventor aprueba el desglose de los componentes manteniendo el mismo precio unitario de cada ítem, cumpliendo con las especificaciones de construcción vigentes para el proyecto.
B128: Nota 2: Cuando se trate de Análisis de precios unitarios de ítems no previstos, el Interventor aprueba el desglose y precio unitario de cada ítem no previsto, exigiendo la aplicación de los costos correspondientes a insumos y tarifas de la propuesta económica inicial cuando estén contemplados, cumpliendo con las especificaciones de construcción vigente para el proyecto.
E134: Firma
E135: Nombre:
E136: Representante Legal del Interventor o su Apoderado
E137: Matricula No. :
B139: NOTA: Los documentos publicados periódicamente son propiedad del Instituto Nacional de Vías. Su uso con fines comerciales o de lucro a cualquier título sin previa autorización, está totalmente prohibido y constituye una infracción a la normatividad vigente.

Sheet 311.1P 
K1: CÓDIGO | L1: FR-APU-1
C2: INSTITUTO NACIONAL DE VIAS
C3: ANÁLISIS DE PRECIOS UNITARIOS DE REFERENCIA REGIONALIZADOS | K3: VERSIÓN | L3: 2021
C5: ACTUALIZACIÓN PERIÓDICA | K5: PÁGINA
K8: FECHA
L9: (Día) | M9: (Mes) | N9: (Año)
B10: ÍTEM BASE DE APU DE REFERENCIA: | E10: ⊠ | F10: PUBLICACIÓN: | H10: 2022-1 JUNIO 2022
B12: ÍTEM DE PROYECTO PARTICULAR:
B13: ÍTEM DE LA PROPUESTA ECONÓMICA: | E13: □ | H13: ÍTEM NO PREVISTO: | J13: □ | K13: ÍTEM APU PARTICULAR: | M13: □
B14: UNIDAD EJECUTORA: | J14: DIRECCIÓN TERRITORIAL:
B17: CONTRATO No. | D17: FECHA:
B18: OBJETO DEL CONTRATO:
B21: CARRETERA: | J21: SECTOR:
B23: CONTRATISTA:
B25: INTERVENTOR: | K25: CONTRATO No. | M25: FECHA: | N25: ______________
B27: FECHA DE CIERRE DEL PROCESO DE SELECCIÓN DEL CONTRATO: | I27: / | J27: /
F28: (Día) | H28: (Día) | I28: (Mes) | J28: (Año)
B30: DATOS ESPECÍFICOS
B32: ÍTEM | C32: DESCRIPCIÓN | J32: GRUPO DE AJUSTE | L32: UNIDAD | N32: CANTIDAD
B33: 311.1 | C33: AFIRMADO | L33: m3
B35: I. EQUIPO
B37: CÓDIGO | C37: DESCRIPCIÓN | J37: TIPO | K37: TARIFA/HORA | L37: RENDIMIENTO | N37: Vr. UNITARIO
B38: C0010150 | C38: Carrotanque de agua(1000 Galones) | K38: =VLOOKUP(B38,[34]EQUIPOS!$C$6:$G$137,5,0) -> 95015.273 | L38: =1/45 -> 0.022222222 | N38: =K38*L38 -> 2111.4505
B39: C0010610 | C39: Motoniveladora potencia 215 HP, ancho de cuchilla 4,27 m, peso 18 ton | K39: =VLOOKUP(B39,[34]EQUIPOS!$C$6:$G$137,5,0) -> 160470.24 | L39: =1/45 -> 0.022222222 | N39: =K39*L39 -> 3566.0053
B40: C0010923 | C40: Vibrocompactador, potencia 153 HP, peso 10 ton | K40: =VLOOKUP(B40,[34]EQUIPOS!$C$6:$G$137,5,0) -> 74956.493 | L40: =1/45 -> 0.022222222 | N40: =K40*L40 -> 1665.6998
N41: =K41*L41 -> 0
N42: =K42*L42 -> 0
N43: =K43*L43 -> 0
N44: =K44*L44 -> 0
N45: =K45*L45 -> 0
N46: =K46*L46 -> 0
N47: =K47*L47 -> 0
N48: =K48*L48 -> 0
N49: =K49*L49 -> 0
N50: =K50*L50 -> 0
N51: =K51*L51 -> 0
C52: HERRAMIENTA MENOR (%) | L52: 0.05 | N52: =L52*N98 -> 31.689815
B53: SUBTOTAL $ | N53: =SUM(N38:N52) -> 7374.8455
B55: II. MATERIALES
B57: CÓDIGO | C57: DESCRIPCIÓN | J57: UNIDAD | K57: CANTIDAD | L57: PRECIO UNIT. | N57: Vr. UNITARIO
B58: B0063200 | C58: Agua | J58: L | K58: 22 | L58: =VLOOKUP(B58,[34]MATERIALES!$C$6:$F$373,4,0) -> 80.139003 | N58: =K58*L58 -> 1763.0581
B59: B0014270 | C59: Material de afirmado CBR ≥ 15% | J59: m3 | K59: 1.25 | L59: 32200 | N59: =K59*L59 -> 40250
N60: =K60*L60 -> 0
N61: =K61*L61 -> 0
N62: =K62*L62 -> 0
N63: =K63*L63 -> 0
N64: =K64*L64 -> 0
N65: =K65*L65 -> 0
N66: =K66*L66 -> 0
N67: =K67*L67 -> 0
N68: =K68*L68 -> 0
N69: =K69*L69 -> 0
N70: =K70*L70 -> 0
N71: =K71*L71 -> 0
N72: =K72*L72 -> 0
B73: SUBTOTAL $ | N73: =SUM(N58:N72) -> 42013.058
B75: III. TRANSPORTES
B77: CÓDIGO | C77: DESCRIPCIÓN | I77: UNIDAD | J77: CANTIDAD (1) | K77: DISTANCIA (2) | L77: (1) * (2) | M77: TARIFA | N77: Vr. UNITARIO
B78: T0010010 | C78: Transporte de material de afirmado | I78: m3-km | J78: 1.25 | K78: 77 | L78: =J78*K78 -> 96.25 | M78: =VLOOKUP(B78,[34]TRANSPORTE!$C$6:$F$40,4,0) -> 1321.1151 | N78: =L78*M78 -> 127157.32
C79: Transporte Ferry | N79: 7426
C80: Transporte de Maquinaria | N80: 362
N81: =L81*M81 -> 0
N82: =L82*M82 -> 0
B83: SUBTOTAL $ | N83: =SUM(N78:N82) -> 134945.32
B85: IV. MANO DE OBRA
B87: CÓDIGO | C87: DESCRIPCIÓN | I87: JORNAL | J87: PRESTACIONES (%) | K87: JR. TOTAL | L87: RENDIMIENTO | N87: Vr. UNITARIO
B88: A0040010 | C88: Oficial | I88: =K88/J88*100 -> 56666.667 | J88: 185 | K88: =VLOOKUP(B88,'[34]MANO DE OBRA'!$C$15:$F$79,4,0) -> 104833.33 | L88: 360 | N88: =K88/L88 -> 291.2037
B89: A0030020 | C89: Obrero (2) | I89: =K89/J89*100 -> 66666.667 | J89: 185 | K89: =VLOOKUP(B89,'[34]MANO DE OBRA'!$C$15:$F$79,4,0) -> 123333.33 | L89: 360 | N89: =K89/L89 -> 342.59259
B98: SUBTOTAL $ | N98: =SUM(N88:N97) -> 633.7963
B100: TOTAL COSTO DIRECTO $ | N100: =N53+N73+N83+N98 -> 184967.02
B102: V. COSTOS INDIRECTOS
B104: DESCRIPCIÓN | K104: Porcentaje | L104: Valor Total
B105: ADMINISTRACION | K105: 0.2 | L105: =K105*N100 -> 36993.405
B106: IMPREVISTOS | K106: 0.05 | L106: =K106*N100 -> 9248.3512
B107: UTILIDAD | K107: 0.05 | L107: =K107*N100 -> 9248.3512
B108: SUBTOTAL $ | N108: =L105+L106+L107 -> 55490.107
B110: Precio Unitario Total Aproximado al Peso $ | N110: =N100+N108 -> 240457.13
E115: Firma
E116: Nombre:
E117: Representante Legal del Contratista o su Apoderado
E118: Matricula No. :
B120: OBSERVACIONES INTERVENTORÍA:
B125: APROBACIÓN POR INTERVENTORÍA
B126: Nota 1: Cuando se trate de Análisis de precios unitarios correspondientes a ítems de la propuesta económica aprobada, el Interventor aprueba el desglose de los componentes manteniendo el mismo precio unitario de cada ítem, cumpliendo con las especificaciones de construcción vigentes para el proyecto.
B128: Nota 2: Cuando se trate de Análisis de precios unitarios de ítems no previstos, el Interventor aprueba el desglose y precio unitario de cada ítem no previsto, exigiendo la aplicación de los costos correspondientes a insumos y tarifas de la propuesta económica inicial cuando estén contemplados, cumpliendo con las especificaciones de construcción vigente para el proyecto.
E134: Firma
E135: Nombre:
E136: Representante Legal del Interventor o su Apoderado
E137: Matricula No. :
B139: NOTA: Los documentos publicados periódicamente son propiedad del Instituto Nacional de Vías. Su uso con fines comerciales o de lucro a cualquier título sin previa autorización, está totalmente prohibido y constituye una infracción a la normatividad vigente.

Sheet 600.1.1 
K1: CÓDIGO | L1: FR-APU-1
C2: INSTITUTO NACIONAL DE VIAS
C3: ANÁLISIS DE PRECIOS UNITARIOS DE REFERENCIA REGIONALIZADOS | K3: VERSIÓN | L3: 2021
C5: ACTUALIZACIÓN PERIÓDICA | K5: PÁGINA
K8: FECHA
L9: (Día) | M9: (Mes) | N9: (Año)
B10: ÍTEM BASE DE APU DE REFERENCIA: | E10: ⊠ | F10: PUBLICACIÓN: | H10: 2022-1 JUNIO 2022
B12: ÍTEM DE PROYECTO PARTICULAR:
B13: ÍTEM DE LA PROPUESTA ECONÓMICA: | E13: □ | H13: ÍTEM NO PREVISTO: | J13: □ | K13: ÍTEM APU PARTICULAR: | M13: □
B14: UNIDAD EJECUTORA: | J14: DIRECCIÓN TERRITORIAL:
B17: CONTRATO No. | D17: FECHA:
B18: OBJETO DEL CONTRATO:
B21: CARRETERA: | J21: SECTOR:
B23: CONTRATISTA:
B25: INTERVENTOR: | K25: CONTRATO No. | M25: FECHA: | N25: ______________
B27: FECHA DE CIERRE DEL PROCESO DE SELECCIÓN DEL CONTRATO: | I27: / | J27: /
F28: (Día) | H28: (Día) | I28: (Mes) | J28: (Año)
B30: DATOS ESPECÍFICOS
B32: ÍTEM | C32: DESCRIPCIÓN | J32: GRUPO DE AJUSTE | L32: UNIDAD | N32: CANTIDAD
B33: 600.1.1 | C33: EXCAVACIONES VARIAS SIN CLASIFICAR | L33: m3
B35: I. EQUIPO
B37: CÓDIGO | C37: DESCRIPCIÓN | J37: TIPO | K37: TARIFA/HORA | L37: RENDIMIENTO | N37: Vr. UNITARIO
B38: C0010270 | C38: Compresor portátil de 70 a 120 HP, con martillo | K38: =VLOOKUP(B38,[34]EQUIPOS!$C$6:$G$137,5,0) -> 34152.712 | L38: =1/25 -> 0.04
B39: C0010790 | C39: Retroexcavadora sobre oruga, potencia 158 kw, balde de 1.5 m3 | K39: =VLOOKUP(B39,[34]EQUIPOS!$C$6:$G$137,5,0) -> 128798.48 | L39: =1/25 -> 0.04 | N39: =K39*L39 -> 5151.9392
N40: =K40*L40 -> 0
N41: =K41*L41 -> 0
N42: =K42*L42 -> 0
N43: =K43*L43 -> 0
N44: =K44*L44 -> 0
N45: =K45*L45 -> 0
N46: =K46*L46 -> 0
N47: =K47*L47 -> 0
N48: =K48*L48 -> 0
N49: =K49*L49 -> 0
N50: =K50*L50 -> 0
N51: =K51*L51 -> 0
C52: HERRAMIENTA MENOR (%) | L52: 0.05 | N52: =L52*N98 -> 57.041667
B53: SUBTOTAL $ | N53: =SUM(N38:N52) -> 5208.9809
B55: II. MATERIALES
B57: CÓDIGO | C57: DESCRIPCIÓN | J57: UNIDAD | K57: CANTIDAD | L57: PRECIO UNIT. | N57: Vr. UNITARIO
B58: B0013790 | C58: Derecho de explotación y/o disposición de materiales | J58: m3 | K58: 1.3 | L58: =VLOOKUP(B58,[34]MATERIALES!$C$6:$F$373,4,0) -> 6914.346 | N58: =K58*L58 -> 8988.6498
N59: =K59*L59 -> 0
N60: =K60*L60 -> 0
N61: =K61*L61 -> 0
N62: =K62*L62 -> 0
N63: =K63*L63 -> 0
N64: =K64*L64 -> 0
N65: =K65*L65 -> 0
N66: =K66*L66 -> 0
N67: =K67*L67 -> 0
N68: =K68*L68 -> 0
N69: =K69*L69 -> 0
N70: =K70*L70 -> 0
... N72: =K72*L72 -> 0
B73: SUBTOTAL $ | N73: =SUM(N58:N72) -> 8988.6498
B75: III. TRANSPORTES
B77: CÓDIGO | C77: DESCRIPCIÓN | I77: UNIDAD | J77: CANTIDAD (1) | K77: DISTANCIA (2) | L77: (1) * (2) | M77: TARIFA | N77: Vr. UNITARIO
B78: T0010025 | C78: Transporte de material de excavación | I78: m3-km | J78: =K58 -> 1.3 | K78: 1 | L78: =J78*K78 -> 1.3 | M78: =VLOOKUP(B78,[34]TRANSPORTE!$C$6:$F$40,4,0) -> 1321.1151 | N78: =L78*M78 -> 1717.4496
N79: =L79*M79 -> 0
N80: =L80*M80 -> 0
N81: =L81*M81 -> 0
N82: =L82*M82 -> 0
B83: SUBTOTAL $ | N83: =SUM(N78:N82) -> 1717.4496
B85: IV. MANO DE OBRA
B87: CÓDIGO | C87: DESCRIPCIÓN | I87: JORNAL | J87: PRESTACIONES (%) | K87: JR. TOTAL | L87: RENDIMIENTO | N87: Vr. UNITARIO
B88: A0030020 | C88: Obrero (2) | I88: =K88/J88*100 -> 66666.667 | J88: 185 | K88: =VLOOKUP(B88,'[34]MANO DE OBRA'!$C$15:$F$79,4,0) -> 123333.33 | L88: 200 | N88: =K88/L88 -> 616.66667
B89: A0040010 | C89: Oficial | I89: =K89/J89*100 -> 56666.667 | J89: 185 | K89: =VLOOKUP(B89,'[34]MANO DE OBRA'!$C$15:$F$79,4,0) -> 104833.33 | L89: 200 | N89: =K89/L89 -> 524.16667
B98: SUBTOTAL $ | N98: =SUM(N88:N97) -> 1140.8333
B100: TOTAL COSTO DIRECTO $ | N100: =N53+N73+N83+N98 -> 17055.914
B102: V. COSTOS INDIRECTOS
B104: DESCRIPCIÓN | K104: Porcentaje | L104: Valor Total
B105: ADMINISTRACION | K105: 0.2 | L105: =K105*N100 -> 3411.1827
B106: IMPREVISTOS | K106: 0.05 | L106: =K106*N100 -> 852.79568
B107: UTILIDAD | K107: 0.05 | L107: =K107*N100 -> 852.79568
B108: SUBTOTAL $ | N108: =L105+L106+L107 -> 5116.7741
B110: Precio Unitario Total Aproximado al Peso $ | N110: =N100+N108 -> 22172.688
E115: Firma
E116: Nombre:
E117: Representante Legal del Contratista o su Apoderado
E118: Matricula No. :
B120: OBSERVACIONES INTERVENTORÍA:
B125: APROBACIÓN POR INTERVENTORÍA
B126: Nota 1: Cuando se trate de Análisis de precios unitarios correspondientes a ítems de la propuesta económica aprobada, el Interventor aprueba el desglose de los componentes manteniendo el mismo precio unitario de cada ítem, cumpliendo con las especificaciones de construcción vigentes para el proyecto.
B128: Nota 2: Cuando se trate de Análisis de precios unitarios de ítems no previstos, el Interventor aprueba el desglose y precio unitario de cada ítem no previsto, exigiendo la aplicación de los costos correspondientes a insumos y tarifas de la propuesta económica inicial cuando estén contemplados, cumpliendo con las especificaciones de construcción vigente para el proyecto.
E134: Firma
E135: Nombre:
E136: Representante Legal del Interventor o su Apoderado
E137: Matricula No. :
B139: NOTA: Los documentos publicados periódicamente son propiedad del Instituto Nacional de Vías. Su uso con fines comerciales o de lucro a cualquier título sin previa autorización, está totalmente prohibido y constituye una infracción a la normatividad vigente.

Sheet 630.3
K1: CÓDIGO | L1: MINFRA-MN-IN-10-FR-1
C2: INSTITUTO NACIONAL DE VIAS
C3: PROCESO GESTIÓN DE LA INFRAESTRUCTURA VIAL | K3: VERSIÓN | L3: 1
C4: MANUAL DE INTERVENTORÍA OBRA PÚBLICA
C5: ANÁLISIS DE PRECIOS UNITARIOS | K5: PÁGINA | M5: DE
K8: FECHA
L9: (Día) | M9: (Mes) | N9: (Año)
B10: ITEMS DE LA PROPUESTA ECONÓMICA | F10: □ | I10: ITEMS NO PREVISTOS | K10: □
B11: UNIDAD EJECUTORA: | J11: DIRECCIÓN TERRITORIAL:
B14: CONTRATO No. | D14: DE
B15: OBJETO DEL CONTRATO:
B18: CARRETERA: | J18: SECTOR:
B20: CONTRATISTA:
B22: INTERVENTOR: | K22: CTO No.: | M22: DE
B24: FECHA CIERRE PROCESO DE SELECCIÓN CONTRATO DE OBRA:
F25: (Día) | I25: (Mes) | J25: (Año)
B27: DATOS ESPECÍFICOS
B29: ITEM | C29: DESCRIPCIÓN | K29: GRUPO DE AJUSTE | L29: UNIDAD | N29: CANTIDAD
B30: ITEM | C30: DESCRIPCIÓN | L30: UNIDAD | N30: CANTIDAD
A31: Unidad | B31: 630.3 | C31: Concreto Resistencia 28MPa (C ) | L31: m3
B33: I. EQUIPO
B35: DESCRIPCIÓN | I35: TIPO | K35: TARIFA/HORA | L35: RENDIMIENTO | N35: Vr. UNITARIO
A36: C0010010 | B36: =VLOOKUP(A36,[35]EQUIPOS!A6:D154,3,FALSE) -> Aspersor manual | K36: =VLOOKUP(A36,[35]EQUIPOS!A6:D163,4,FALSE) -> 3425.6032 | M36: 2 | N36: =K36/M36 -> 1712.8016
A37: C0010922 | B37: =VLOOKUP(A37,[35]EQUIPOS!A7:D154,3,FALSE) -> Vibrador de concreto, Motor de 3 hp a 18.000 rpm Mangueras de 4 mt | K37: =VLOOKUP(A37,[35]EQUIPOS!A7:D164,4,FALSE) -> 10375.969 | M37: 2 | N37: =K37/M37 -> 5187.9846
B41: HERRAMIENTA MENOR (%) | M41: 0.05 | N41: =N77*M41 -> 1348.3508
B43: SUBTOTAL $ | N43: =SUM(N36:N42) -> 8249.1369
B45: II. MATERIALES
B47: DESCRIPCIÓN | J47: UNIDAD | K47: CANTIDAD | L47: PRECIO UNIT. | N47: Vr. UNITARIO
A48: B0123620 | B48: =VLOOKUP(A48,[35]MATERIALES!A5:D373,3,FALSE) -> Concreto Resistencia 28 (Mpa) | J48: =VLOOKUP(A48,[35]MATERIALES!A4:D640,2,FALSE) -> m3 | K48: 1 | M48: =VLOOKUP(A48,[35]MATERIALES!A5:D396,4,FALSE) -> 405996.42 | N48: =K48*M48 -> 405996.42
A49: B0063290 | B49: =VLOOKUP(A49,[35]MATERIALES!A6:D373,3,FALSE) -> Antisol blanco (presentación 20 kg) | J49: =VLOOKUP(A49,[35]MATERIALES!A5:D641,2,FALSE) -> kg | K49: 1 | M49: =VLOOKUP(A49,[35]MATERIALES!A6:D397,4,FALSE) -> 5914.5306 | N49: =K49*M49 -> 5914.5306
A50: B021007 | B50: =VLOOKUP(A50,[35]MATERIALES!A6:D373,3,FALSE) -> FORMALETA (Depende para que sea el Concreto) | J50: =VLOOKUP(A50,[35]MATERIALES!A6:D642,2,FALSE) -> m2 | K50: 4.6 | M50: =VLOOKUP(A50,[35]MATERIALES!A6:D398,4,FALSE) -> 21900.414 | N50: =K50*M50 -> 100741.9
B55: SUBTOTAL $ | N55: =SUM(N48:N54) -> 512652.86
B57: III. TRANSPORTES
B59: MATERIAL | H59: UNIDAD | I59: CANTIDAD (1) | J59: DISTANCIA (2) | K59: (1) * (2) | L59: TARIFA | N59: Vr. UNITARIO
A60: T0010009 | B60: =VLOOKUP(A60,[35]TRANSPORTE!A2:D117,3,FALSE) -> Transporte de concreto | H60: m3k | I60: 1 | J60: 61 | K60: =I60*J60 -> 61 | L60: =VLOOKUP(A60,[35]TRANSPORTE!A2:D117,4,FALSE) -> 1290.8398 | N60: =K60*L60 -> 78741.228
B66: SUBTOTAL $ | N66: =N60+N61+N62+N63+N64 -> 78741.228
B68: IV. MANO DE OBRA
B70: TRABAJADOR | I70: JORNAL | J70: PRESTACIONES (%) | K70: JORNAL TOTAL | L70: RENDIMIENTO | N70: Vr. UNITARIO
A71: A0030060 | B71: =VLOOKUP(A71,'[35]MANO DE OBRA'!A8:D68,3,FALSE) -> Obrero (6) | I71: =K71/J71*100 -> 175560 | J71: 185 | K71: =VLOOKUP(A71,'[35]MANO DE OBRA'!A8:D99,4,FALSE) -> 324786 | M71: 16 | N71: =K71/M71 -> 20299.125
A72: A0040010 | B72: =VLOOKUP(A72,'[35]MANO DE OBRA'!A8:D69,3,FALSE) -> Oficial | I72: =K72/J72*100 -> 57668.24 | J72: 185 | K72: =VLOOKUP(A72,'[35]MANO DE OBRA'!A8:D100,4,FALSE) -> 106686.24 | M72: 16 | N72: =K72/M72 -> 6667.8902
B77: SUBTOTAL $ | N77: =SUM(N71:N76) -> 26967.015
B79: TOTAL COSTO DIRECTO $ | N79: =N43+N55+N66+N77 -> 626610.24
B81: V. COSTOS INDIRECTOS
B83: Descripción | K83: Porcentaje | L83: Valor Total
B84: ADMINISTRACION | K84: 0.2 | L84: =N79*K84 -> 125322.05
B85: IMPREVISTOS | K85: 0.05 | L85: =N79*K85 -> 31330.512
B86: UTILIDAD | K86: 0.05 | L86: =N79*K86 -> 31330.512
B87: SUBTOTAL $ | N87: =L84+L85+L86 -> 187983.07
A89: PFinal01 | B89: Precio Unitario Total Aproximado al Peso $ | N89: =ROUND((N79+N87),0) -> 814593
E94: Firma
E95: Nombre:
E96: Representante Legal del Contratista o su Apoderado
E97: Matricula No. :
B99: OBSERVACIONES INTERVENTORÍA:
B105: APROBACIÓN POR INTERVENTORÍA
B106: Nota 1: Cuando se trate de Análisis de precios unitarios correspondientes a ítems de la propuesta económica aprobada, el Interventor aprueba el desglose de los componentes manteniendo el mismo precio unitario de cada ítem, cumpliendo con las especificaciones de construcción vigentes para el proyecto.
B108: Nota 2: Cuando se trate de Análisis de precios unitarios de ítems no previstos, el Interventor aprueba el desglose y precio unitario de cada ítem no previsto, exigiendo la aplicación de los costos correspondientes a insumos y tarifas de la propuesta económica inicial cuando estén contemplados, cumpliendo con las especificaciones de construcción vigente para el proyecto.
E114: Firma
E115: Nombre:
E116: Representante Legal del Interventor o su Apoderado
E117: Matricula No. :
B119: Original: Archivo de Gestión del Contrato (Subdirección Administrativa).
B120: Copias: Unidad Ejecutora, Contratista, Interventor y Dirección Territorial.

Sheet 630.6 
K1: CÓDIGO | L1: FR-APU-1
C2: INSTITUTO NACIONAL DE VIAS
C3: ANÁLISIS DE PRECIOS UNITARIOS DE REFERENCIA REGIONALIZADOS | K3: VERSIÓN | L3: 2021
C5: ACTUALIZACIÓN PERIÓDICA | K5: PÁGINA
K8: FECHA
L9: (Día) | M9: (Mes) | N9: (Año)
B10: ÍTEM BASE DE APU DE REFERENCIA: | E10: ⊠ | F10: PUBLICACIÓN: | H10: 2022-1 JUNIO 2022
B12: ÍTEM DE PROYECTO PARTICULAR:
B13: ÍTEM DE LA PROPUESTA ECONÓMICA: | E13: □ | H13: ÍTEM NO PREVISTO: | J13: □ | K13: ÍTEM APU PARTICULAR: | M13: □
B14: UNIDAD EJECUTORA: | J14: DIRECCIÓN TERRITORIAL:
B17: CONTRATO No. | D17: FECHA:
B18: OBJETO DEL CONTRATO:
B21: CARRETERA: | J21: SECTOR:
B23: CONTRATISTA:
B25: INTERVENTOR: | K25: CONTRATO No. | M25: FECHA: | N25: ______________
B27: FECHA DE CIERRE DEL PROCESO DE SELECCIÓN DEL CONTRATO: | I27: / | J27: /
F28: (Día) | H28: (Día) | I28: (Mes) | J28: (Año)
B30: DATOS ESPECÍFICOS
B32: ÍTEM | C32: DESCRIPCIÓN | J32: GRUPO DE AJUSTE | L32: UNIDAD | N32: CANTIDAD
B33: 630.6 | C33: CONCRETO RESISTENCIA 14MPa (F) | L33: m3
B35: I. EQUIPO
B37: CÓDIGO | C37: DESCRIPCIÓN | J37: TIPO | K37: TARIFA/HORA | L37: RENDIMIENTO | N37: Vr. UNITARIO
B38: C0010550 | C38: Mezcladora de concreto tipo trompo | K38: =VLOOKUP(B38,[34]EQUIPOS!$C$6:$G$137,5,0) -> 7785.9738 | L38: =1/1 -> 1 | N38: =K38*L38 -> 7785.9738
N39: =K39*L39 -> 0
N40: =K40*L40 -> 0
N41: =K41*L41 -> 0
N42: =K42*L42 -> 0
N43: =K43*L43 -> 0
N44: =K44*L44 -> 0
N45: =K45*L45 -> 0
N46: =K46*L46 -> 0
N47: =K47*L47 -> 0
N48: =K48*L48 -> 0
N49: =K49*L49 -> 0
N50: =K50*L50 -> 0
N51: =K51*L51 -> 0
C52: HERRAMIENTA MENOR (%) | L52: 0.05 | N52: =L52*N98 -> 3738.5417
B53: SUBTOTAL $ | N53: =SUM(N38:N52) -> 11524.515
B55: II. MATERIALES
B57: CÓDIGO | C57: DESCRIPCIÓN | J57: UNIDAD | K57: CANTIDAD | L57: PRECIO UNIT. | N57: Vr. UNITARIO
B58: B0053103 | C58: Agregado grueso (grava, grava triturada y/o roca triturada) | J58: m3 | K58: 0.84 | L58: =VLOOKUP(B58,[34]MATERIALES!$C$6:$F$373,4,0) -> 76019.535 | N58: =K58*L58 -> 63856.409
B59: B0063200 | C59: Agua | J59: L | K59: 185 | L59: =VLOOKUP(B59,[34]MATERIALES!$C$6:$F$373,4,0) -> 80.139003 | N59: =K59*L59 -> 14825.715
B60: B0053101 | C60: Agregado fino para concreto (tamaño máximo 4,75mm - arena natural o trituración de roca, gravas, y/o escorias) | J60: m3 | K60: 0.63 | L60: =VLOOKUP(B60,[34]MATERIALES!$C$6:$F$373,4,0) -> 33786.46 | N60: =K60*L60 -> 21285.47
B61: B0103569 | C61: Cemento hidráulico NTC 121 tipo UG | J61: kg | K61: 260 | L61: =VLOOKUP(B61,[34]MATERIALES!$C$6:$F$373,4,0) -> 531.67381 | N61: =K61*L61 -> 138235.19
N62: =K62*L62 -> 0
N63: =K63*L63 -> 0
N64: =K64*L64 -> 0
N65: =K65*L65 -> 0
N66: =K66*L66 -> 0
N67: =K67*L67 -> 0
N68: =K68*L68 -> 0
N69: =K69*L69 -> 0
N70: =K70*L70 -> 0
N71: =K71*L71 -> 0
N72: =K72*L72 -> 0
B73: SUBTOTAL $ | N73: =SUM(N58:N72) -> 238202.79
B75: III. TRANSPORTES
B77: CÓDIGO | C77: DESCRIPCIÓN | I77: UNIDAD | J77: CANTIDAD (1) | K77: DISTANCIA (2) | L77: (1) * (2) | M77: TARIFA | N77: Vr. UNITARIO
B78: T0010400 | C78: Transporte de agregados | I78: m3-km | J78: =K58+K60 -> 1.47 | K78: 126 | L78: =J78*K78 -> 185.22 | M78: =VLOOKUP(B78,[34]TRANSPORTE!$C$6:$F$40,4,0) -> 1321.1151 | N78: =L78*M78 -> 244696.93
N79: =L79*M79 -> 0
N80: =L80*M80 -> 0
N81: =L81*M81 -> 0
N82: =L82*M82 -> 0
B83: SUBTOTAL $ | N83: =SUM(N78:N82) -> 244696.93
B85: IV. MANO DE OBRA
B87: CÓDIGO | C87: DESCRIPCIÓN | I87: JORNAL | J87: PRESTACIONES (%) | K87: JR. TOTAL | L87: RENDIMIENTO | N87: Vr. UNITARIO
B88: A0030080 | C88: Obrero (8) | I88: =K88/J88*100 -> 266666.67 | J88: 185 | K88: =VLOOKUP(B88,'[34]MANO DE OBRA'!$C$15:$F$79,4,0) -> 493333.33 | L88: 8 | N88: =K88/L88 -> 61666.667
B89: A0040010 | C89: Oficial | I89: =K89/J89*100 -> 56666.667 | J89: 185 | K89: =VLOOKUP(B89,'[34]MANO DE OBRA'!$C$15:$F$79,4,0) -> 104833.33 | L89: 8 | N89: =K89/L89 -> 13104.167
B98: SUBTOTAL $ | N98: =SUM(N88:N97) -> 74770.833
B100: TOTAL COSTO DIRECTO $ | N100: =N53+N73+N83+N98 -> 569195.07
B102: V. COSTOS INDIRECTOS
B104: DESCRIPCIÓN | K104: Porcentaje | L104: Valor Total
B105: ADMINISTRACION | K105: 0.2 | L105: =K105*N100 -> 113839.01
B106: IMPREVISTOS | K106: 0.05 | L106: =K106*N100 -> 28459.753
B107: UTILIDAD | K107: 0.05 | L107: =K107*N100 -> 28459.753
B108: SUBTOTAL $ | N108: =L105+L106+L107 -> 170758.52
B110: Precio Unitario Total Aproximado al Peso $ | N110: =N100+N108 -> 739953.59
E115: Firma
E116: Nombre:
E117: Representante Legal del Contratista o su Apoderado
E118: Matricula No. :
B120: OBSERVACIONES INTERVENTORÍA:
B125: APROBACIÓN POR INTERVENTORÍA
B126: Nota 1: Cuando se trate de Análisis de precios unitarios correspondientes a ítems de la propuesta económica aprobada, el Interventor aprueba el desglose de los componentes manteniendo el mismo precio unitario de cada ítem, cumpliendo con las especificaciones de construcción vigentes para el proyecto.
B128: Nota 2: Cuando se trate de Análisis de precios unitarios de ítems no previstos, el Interventor aprueba el desglose y precio unitario de cada ítem no previsto, exigiendo la aplicación de los costos correspondientes a insumos y tarifas de la propuesta económica inicial cuando estén contemplados, cumpliendo con las especificaciones de construcción vigente para el proyecto.
E134: Firma
E135: Nombre:
E136: Representante Legal del Interventor o su Apoderado
E137: Matricula No. :
B139: NOTA: Los documentos publicados periódicamente son propiedad del Instituto Nacional de Vías. Su uso con fines comerciales o de lucro a cualquier título sin previa autorización, está totalmente prohibido y constituye una infracción a la normatividad vigente.

Sheet 630.7
K1: CÓDIGO | L1: FR-APU-1
C2: INSTITUTO NACIONAL DE VIAS
C3: ANÁLISIS DE PRECIOS UNITARIOS DE REFERENCIA REGIONALIZADOS | K3: VERSIÓN | L3: 2021
C5: ACTUALIZACIÓN PERIÓDICA | K5: PÁGINA
K8: FECHA
L9: (Día) | M9: (Mes) | N9: (Año)
B10: ÍTEM BASE DE APU DE REFERENCIA: | E10: ⊠ | F10: PUBLICACIÓN: | H10: 2022-1 JUNIO 2022
B12: ÍTEM DE PROYECTO PARTICULAR:
B13: ÍTEM DE LA PROPUESTA ECONÓMICA: | E13: □ | H13: ÍTEM NO PREVISTO: | J13: □ | K13: ÍTEM APU PARTICULAR: | M13: □
B14: UNIDAD EJECUTORA: | J14: DIRECCIÓN TERRITORIAL:
B17: CONTRATO No. | D17: FECHA:
B18: OBJETO DEL CONTRATO:
B21: CARRETERA: | J21: SECTOR:
B23: CONTRATISTA:
B25: INTERVENTOR: | K25: CONTRATO No. | M25: FECHA: | N25: ______________
B27: FECHA DE CIERRE DEL PROCESO DE SELECCIÓN DEL CONTRATO: | I27: / | J27: /
F28: (Día) | H28: (Día) | I28: (Mes) | J28: (Año)
B30: DATOS ESPECÍFICOS
B32: ÍTEM | C32: DESCRIPCIÓN | J32: GRUPO DE AJUSTE | L32: UNIDAD | N32: CANTIDAD
B33: 630.7 | C33: CONCRETO RESISTENCIA 14MPa (G) - CICLÓPEO | L33: m3
B35: I. EQUIPO
B37: CÓDIGO | C37: DESCRIPCIÓN | J37: TIPO | K37: TARIFA/HORA | L37: RENDIMIENTO | N37: Vr. UNITARIO
B38: C0010550 | C38: Mezcladora de concreto tipo trompo | K38: =VLOOKUP(B38,[34]EQUIPOS!$C$6:$G$137,5,0) -> 7785.9738 | L38: =1/1 -> 1 | N38: =K38*L38 -> 7785.9738
N39: =K39*L39 -> 0
N40: =K40*L40 -> 0
N41: =K41*L41 -> 0
N42: =K42*L42 -> 0
N43: =K43*L43 -> 0
N44: =K44*L44 -> 0
N45: =K45*L45 -> 0
N46: =K46*L46 -> 0
N47: =K47*L47 -> 0
N48: =K48*L48 -> 0
N49: =K49*L49 -> 0
N50: =K50*L50 -> 0
N51: =K51*L51 -> 0
C52: HERRAMIENTA MENOR (%) | L52: 0.05 | N52: =L52*N98 -> 2990.8333
B53: SUBTOTAL $ | N53: =SUM(N38:N52) -> 10776.807
B55: II. MATERIALES
B57: CÓDIGO | C57: DESCRIPCIÓN | J57: UNIDAD | K57: CANTIDAD | L57: PRECIO UNIT. | N57: Vr. UNITARIO
B58: B0053103 | C58: Agregado grueso (grava, grava triturada y/o roca triturada) | J58: m3 | K58: 0.504 | L58: =VLOOKUP(B58,[34]MATERIALES!$C$6:$F$373,4,0) -> 76019.535 | N58: =K58*L58 -> 38313.845
B59: B0063200 | C59: Agua | J59: L | K59: 111 | L59: =VLOOKUP(B59,[34]MATERIALES!$C$6:$F$373,4,0) -> 80.139003 | N59: =K59*L59 -> 8895.4293
B60: B0014700 | C60: Piedra para concreto ciclópeo (rajón o canto rodado) | J60: m3 | K60: 0.4 | L60: =VLOOKUP(B60,[34]MATERIALES!$C$6:$F$373,4,0) -> 49139.971 | N60: =K60*L60 -> 19655.988
B61: B0053101 | C61: Agregado fino para concreto (tamaño máximo 4,75mm - arena natural o trituración de roca, gravas, y/o escorias) | J61: m3 | K61: 0.378 | L61: =VLOOKUP(B61,[34]MATERIALES!$C$6:$F$373,4,0) -> 33786.46 | N61: =K61*L61 -> 12771.282
B62: B0103569 | C62: Cemento hidráulico NTC 121 tipo UG | J62: kg | K62: 156 | L62: =VLOOKUP(B62,[34]MATERIALES!$C$6:$F$373,4,0) -> 531.67381 | N62: =K62*L62 -> 82941.115
N63: =K63*L63 -> 0
N64: =K64*L64 -> 0
N65: =K65*L65 -> 0
N66: =K66*L66 -> 0
N67: =K67*L67 -> 0
N68: =K68*L68 -> 0
N69: =K69*L69 -> 0
N70: =K70*L70 -> 0
N71: =K71*L71 -> 0
N72: =K72*L72 -> 0
B73: SUBTOTAL $ | N73: =SUM(N58:N72) -> 162577.66
B75: III. TRANSPORTES
B77: CÓDIGO | C77: DESCRIPCIÓN | I77: UNIDAD | J77: CANTIDAD (1) | K77: DISTANCIA (2) | L77: (1) * (2) | M77: TARIFA | N77: Vr. UNITARIO
B78: T0010091 | C78: Transporte de piedra para concreto ciclópeo | I78: m3-km | J78: 0.378 | K78: 126 | L78: =J78*K78 -> 47.628 | M78: =VLOOKUP(B78,[34]TRANSPORTE!$C$6:$F$40,4,0) -> 1321.1151 | N78: =L78*M78 -> 62922.068
B79: T0010400 | C79: Transporte de agregados | I79: m3-km | J79: =K58+K61 -> 0.882 | K79: 126 | L79: =J79*K79 -> 111.132 | M79: =VLOOKUP(B79,[34]TRANSPORTE!$C$6:$F$40,4,0) -> 1321.1151 | N79: =L79*M79 -> 146818.16
N80: =L80*M80 -> 0
N81: =L81*M81 -> 0
N82: =L82*M82 -> 0
B83: SUBTOTAL $ | N83: =SUM(N78:N82) -> 209740.23
B85: IV. MANO DE OBRA
B87: CÓDIGO | C87: DESCRIPCIÓN | I87: JORNAL | J87: PRESTACIONES (%) | K87: JR. TOTAL | L87: RENDIMIENTO | N87: Vr. UNITARIO
B88: A0030080 | C88: Obrero (8) | I88: =K88/J88*100 -> 266666.67 | J88: 185 | K88: =VLOOKUP(B88,'[34]MANO DE OBRA'!$C$15:$F$79,4,0) -> 493333.33 | L88: 10 | N88: =K88/L88 -> 49333.333
B89: A0040010 | C89: Oficial | I89: =K89/J89*100 -> 56666.667 | J89: 185 | K89: =VLOOKUP(B89,'[34]MANO DE OBRA'!$C$15:$F$79,4,0) -> 104833.33 | L89: 10 | N89: =K89/L89 -> 10483.333
B98: SUBTOTAL $ | N98: =SUM(N88:N97) -> 59816.667
B100: TOTAL COSTO DIRECTO $ | N100: =N53+N73+N83+N98 -> 442911.36
B102: V. COSTOS INDIRECTOS
B104: DESCRIPCIÓN | K104: Porcentaje | L104: Valor Total
B105: ADMINISTRACION | K105: 0.2 | L105: =K105*N100 -> 88582.272
B106: IMPREVISTOS | K106: 0.05 | L106: =K106*N100 -> 22145.568
B107: UTILIDAD | K107: 0.05 | L107: =K107*N100 -> 22145.568
B108: SUBTOTAL $ | N108: =L105+L106+L107 -> 132873.41
B110: Precio Unitario Total Aproximado al Peso $ | N110: =N100+N108 -> 575784.77
E115: Firma
E116: Nombre:
E117: Representante Legal del Contratista o su Apoderado
E118: Matricula No. :
B120: OBSERVACIONES INTERVENTORÍA:
B125: APROBACIÓN POR INTERVENTORÍA
B126: Nota 1: Cuando se trate de Análisis de precios unitarios correspondientes a ítems de la propuesta económica aprobada, el Interventor aprueba el desglose de los componentes manteniendo el mismo precio unitario de cada ítem, cumpliendo con las especificaciones de construcción vigentes para el proyecto.
B128: Nota 2: Cuando se trate de Análisis de precios unitarios de ítems no previstos, el Interventor aprueba el desglose y precio unitario de cada ítem no previsto, exigiendo la aplicación de los costos correspondientes a insumos y tarifas de la propuesta económica inicial cuando estén contemplados, cumpliendo con las especificaciones de construcción vigente para el proyecto.
E134: Firma
E135: Nombre:
E136: Representante Legal del Interventor o su Apoderado
E137: Matricula No. :
B139: NOTA: Los documentos publicados periódicamente son propiedad del Instituto Nacional de Vías. Su uso con fines comerciales o de lucro a cualquier título sin previa autorización, está totalmente prohibido y constituye una infracción a la normatividad vigente.

Sheet 630.4.1 
K1: CÓDIGO | L1: FR-APU-1
C2: INSTITUTO NACIONAL DE VIAS
C3: ANÁLISIS DE PRECIOS UNITARIOS DE REFERENCIA REGIONALIZADOS | K3: VERSIÓN | L3: 2021
C5: ACTUALIZACIÓN PERIÓDICA | K5: PÁGINA
K8: FECHA
L9: (Día) | M9: (Mes) | N9: (Año)
B10: ÍTEM BASE DE APU DE REFERENCIA: | E10: ⊠ | F10: PUBLICACIÓN: | H10: 2022-1 JUNIO 2022
B12: ÍTEM DE PROYECTO PARTICULAR:
B13: ÍTEM DE LA PROPUESTA ECONÓMICA: | E13: □ | H13: ÍTEM NO PREVISTO: | J13: □ | K13: ÍTEM APU PARTICULAR: | M13: □
B14: UNIDAD EJECUTORA: | J14: DIRECCIÓN TERRITORIAL:
B17: CONTRATO No. | D17: FECHA:
B18: OBJETO DEL CONTRATO:
B21: CARRETERA: | J21: SECTOR:
B23: CONTRATISTA:
B25: INTERVENTOR: | K25: CONTRATO No. | M25: FECHA: | N25: ______________
B27: FECHA DE CIERRE DEL PROCESO DE SELECCIÓN DEL CONTRATO: | I27: / | J27: /
F28: (Día) | H28: (Día) | I28: (Mes) | J28: (Año)
B30: DATOS ESPECÍFICOS
B32: ÍTEM | C32: DESCRIPCIÓN | J32: GRUPO DE AJUSTE | L32: UNIDAD | N32: CANTIDAD
B33: 630.4.1 | C33: CONCRETO RESISTENCIA 21MPa (D) - MEZCLA IN SITU | L33: m3
B35: I. EQUIPO
B37: CÓDIGO | C37: DESCRIPCIÓN | J37: TIPO | K37: TARIFA/HORA | L37: RENDIMIENTO | N37: Vr. UNITARIO
B38: C0010010 | C38: Aspersor manual de 20 litros | K38: =VLOOKUP(B38,[34]EQUIPOS!$C$6:$G$137,5,0) -> 3695.0384 | L38: 1 | N38: =K38*L38 -> 3695.0384
B39: C0010922 | C39: Vibrador de concreto, potencia aproximada de 3 hp, mangueras de 4 a 6 metros | K39: =VLOOKUP(B39,[34]EQUIPOS!$C$6:$G$137,5,0) -> 5278.6263 | L39: 1 | N39: =K39*L39 -> 5278.6263
B40: C0010665 | C40: Planta dosificadora (mezcladora) de concreto | K40: =VLOOKUP(B40,[34]EQUIPOS!$C$6:$G$137,5,0) -> 141286.34 | L40: 1 | N40: =K40*L40 -> 141286.34
N41: =K41*L41 -> 0
N42: =K42*L42 -> 0
N43: =K43*L43 -> 0
N44: =K44*L44 -> 0
N45: =K45*L45 -> 0
N46: =K46*L46 -> 0
N47: =K47*L47 -> 0
N48: =K48*L48 -> 0
N49: =K49*L49 -> 0
N50: =K50*L50 -> 0
N51: =K51*L51 -> 0
C52: HERRAMIENTA MENOR (%) | L52: 0.05 | N52: =L52*N98 -> 3738.5417
B53: SUBTOTAL $ | N53: =SUM(N38:N52) -> 153998.55
B55: II. MATERIALES
B57: CÓDIGO | C57: DESCRIPCIÓN | J57: UNIDAD | K57: CANTIDAD | L57: PRECIO UNIT. | N57: Vr. UNITARIO
B58: B0063290 | C58: Emulsion acuosa de parafina para curado de concreto, que evite la pérdida prematura de humedad de concretos y morteros | J58: kg | K58: 1 | L58: =VLOOKUP(B58,[34]MATERIALES!$C$6:$F$373,4,0) -> 7226.2989 | N58: =K58*L58 -> 7226.2989
B59: B021000 | C59: Formaleta de madera para concreto | J59: m2 | K59: 4.71 | L59: =VLOOKUP(B59,[34]MATERIALES!$C$6:$F$373,4,0) -> 33060.661 | N59: =K59*L59 -> 155715.71
B60: B0063200 | C60: Agua | J60: L | K60: 167.175 | L60: =VLOOKUP(B60,[34]MATERIALES!$C$6:$F$373,4,0) -> 80.139003 | N60: =K60*L60 -> 13397.238
B61: B0053103 | C61: Agregado grueso (grava, grava triturada y/o roca triturada) | J61: m3 | K61: 0.779 | L61: =VLOOKUP(B61,[34]MATERIALES!$C$6:$F$373,4,0) -> 76019.535 | N61: =K61*L61 -> 59219.217
B62: B0053101 | C62: Agregado fino para concreto (tamaño máximo 4,75mm - arena natural o trituración de roca, gravas, y/o escorias) | J62: m3 | K62: 0.585 | L62: =VLOOKUP(B62,[34]MATERIALES!$C$6:$F$373,4,0) -> 33786.46 | N62: =K62*L62 -> 19765.079
B63: B0103569 | C63: Cemento hidráulico NTC 121 tipo UG | J63: kg | K63: 358.925 | L63: =VLOOKUP(B63,[34]MATERIALES!$C$6:$F$373,4,0) -> 531.67381 | N63: =K63*L63 -> 190831.02
N64: =K64*L64 -> 0
N65: =K65*L65 -> 0
N66: =K66*L66 -> 0
N67: =K67*L67 -> 0
N68: =K68*L68 -> 0
N69: =K69*L69 -> 0
N70: =K70*L70 -> 0
N71: =K71*L71 -> 0
N72: =K72*L72 -> 0
B73: SUBTOTAL $ | N73: =SUM(N58:N72) -> 446154.57
B75: III. TRANSPORTES
B77: CÓDIGO | C77: DESCRIPCIÓN | I77: UNIDAD | J77: CANTIDAD (1) | K77: DISTANCIA (2) | L77: (1) * (2) | M77: TARIFA | N77: Vr. UNITARIO
B78: T0010400 | C78: Transporte de agregados | I78: m3-km | J78: =K61+K62 -> 1.364 | K78: 65 | L78: =J78*K78 -> 88.66 | M78: =VLOOKUP(B78,[34]TRANSPORTE!$C$6:$F$40,4,0) -> 1321.1151 | N78: =L78*M78 -> 117130.06
N79: =L79*M79 -> 0
N80: =L80*M80 -> 0
N81: =L81*M81 -> 0
N82: =L82*M82 -> 0
B83: SUBTOTAL $ | N83: =SUM(N78:N82) -> 117130.06
B85: IV. MANO DE OBRA
B87: CÓDIGO | C87: DESCRIPCIÓN | I87: JORNAL | J87: PRESTACIONES (%) | K87: JR. TOTAL | L87: RENDIMIENTO | N87: Vr. UNITARIO
B88: A0030080 | C88: Obrero (8) | I88: =K88/J88*100 -> 266666.67 | J88: 185 | K88: =VLOOKUP(B88,'[34]MANO DE OBRA'!$C$15:$F$79,4,0) -> 493333.33 | L88: 8 | N88: =K88/L88 -> 61666.667
B89: A0040010 | C89: Oficial | I89: =K89/J89*100 -> 56666.667 | J89: 185 | K89: =VLOOKUP(B89,'[34]MANO DE OBRA'!$C$15:$F$79,4,0) -> 104833.33 | L89: 8 | N89: =K89/L89 -> 13104.167
B98: SUBTOTAL $ | N98: =SUM(N88:N97) -> 74770.833
B100: TOTAL COSTO DIRECTO $ | N100: =N53+N73+N83+N98 -> 792054.01
B102: V. COSTOS INDIRECTOS
B104: DESCRIPCIÓN | K104: Porcentaje | L104: Valor Total
B105: ADMINISTRACION | K105: 0.2 | L105: =K105*N100 -> 158410.8
B106: IMPREVISTOS | K106: 0.05 | L106: =K106*N100 -> 39602.701
B107: UTILIDAD | K107: 0.05 | L107: =K107*N100 -> 39602.701
B108: SUBTOTAL $ | N108: =L105+L106+L107 -> 237616.2
B110: Precio Unitario Total Aproximado al Peso $ | N110: =N100+N108 -> 1029670.2
E115: Firma
E116: Nombre:
E117: Representante Legal del Contratista o su Apoderado
E118: Matricula No. :
B120: OBSERVACIONES INTERVENTORÍA:
B125: APROBACIÓN POR INTERVENTORÍA
B126: Nota 1: Cuando se trate de Análisis de precios unitarios correspondientes a ítems de la propuesta económica aprobada, el Interventor aprueba el desglose de los componentes manteniendo el mismo precio unitario de cada ítem, cumpliendo con las especificaciones de construcción vigentes para el proyecto.
B128: Nota 2: Cuando se trate de Análisis de precios unitarios de ítems no previstos, el Interventor aprueba el desglose y precio unitario de cada ítem no previsto, exigiendo la aplicación de los costos correspondientes a insumos y tarifas de la propuesta económica inicial cuando estén contemplados, cumpliendo con las especificaciones de construcción vigente para el proyecto.
E134: Firma
E135: Nombre:
E136: Representante Legal del Interventor o su Apoderado
E137: Matricula No. :
B139: NOTA: Los documentos publicados periódicamente son propiedad del Instituto Nacional de Vías. Su uso con fines comerciales o de lucro a cualquier título sin previa autorización, está totalmente prohibido y constituye una infracción a la normatividad vigente.

Sheet 661.2P
K1: CÓDIGO | L1: FR-APU-1
C2: INSTITUTO NACIONAL DE VIAS
C3: ANÁLISIS DE PRECIOS UNITARIOS DE REFERENCIA REGIONALIZADOS | K3: VERSIÓN | L3: 2021
C5: ACTUALIZACIÓN PERIÓDICA | K5: PÁGINA
K8: FECHA
L9: (Día) | M9: (Mes) | N9: (Año)
B10: ÍTEM BASE DE APU DE REFERENCIA: | E10: ⊠ | F10: PUBLICACIÓN: | H10: 2022-1 JUNIO 2022
B12: ÍTEM DE PROYECTO PARTICULAR:
B13: ÍTEM DE LA PROPUESTA ECONÓMICA: | E13: □ | H13: ÍTEM NO PREVISTO: | J13: □ | K13: ÍTEM APU PARTICULAR: | M13: □
B14: UNIDAD EJECUTORA: | J14: DIRECCIÓN TERRITORIAL:
B17: CONTRATO No. | D17: FECHA:
B18: OBJETO DEL CONTRATO:
B21: CARRETERA: | J21: SECTOR:
B23: CONTRATISTA:
B25: INTERVENTOR: | K25: CONTRATO No. | M25: FECHA: | N25: ______________
B27: FECHA DE CIERRE DEL PROCESO DE SELECCIÓN DEL CONTRATO: | I27: / | J27: /
F28: (Día) | H28: (Día) | I28: (Mes) | J28: (Año)
B30: DATOS ESPECÍFICOS
B32: ÍTEM | C32: DESCRIPCIÓN | J32: GRUPO DE AJUSTE | L32: UNIDAD | N32: CANTIDAD
B33: 661.2P | C33: TUBERIA DE CONCRETO REFORZADO, CLASE II DE 900mm DE DIAMETRO INTERIOR | L33: m
B35: I. EQUIPO
B37: CÓDIGO | C37: DESCRIPCIÓN | J37: TIPO | K37: TARIFA/HORA | L37: RENDIMIENTO | N37: Vr. UNITARIO
B38: C0010300 | C38: Diferencial de 2 toneladas | K38: =VLOOKUP(B38,[34]EQUIPOS!$C$6:$G$137,5,0) -> 3351.9277 | L38: =1/3 -> 0.33333333 | N38: =K38*L38 -> 1117.3092
B39: C0010115 | C39: Camión grúa capacidad 5 toneladas | K39: =VLOOKUP(B39,[34]EQUIPOS!$C$6:$G$137,5,0) -> 91496.192 | L39: =1/3 -> 0.33333333 | N39: =K39*L39 -> 30498.731
N40: =K40*L40 -> 0
N41: =K41*L41 -> 0
N42: =K42*L42 -> 0
N43: =K43*L43 -> 0
N44: =K44*L44 -> 0
N45: =K45*L45 -> 0
N46: =K46*L46 -> 0
N47: =K47*L47 -> 0
N48: =K48*L48 -> 0
N49: =K49*L49 -> 0
N50: =K50*L50 -> 0
N51: =K51*L51 -> 0
C52: HERRAMIENTA MENOR (%) | L52: 0.1 | N52: =L52*N98 -> 2196.875
B53: SUBTOTAL $ | N53: =SUM(N38:N52) -> 33812.915
B55: II. MATERIALES
B57: CÓDIGO | C57: DESCRIPCIÓN | J57: UNIDAD | K57: CANTIDAD | L57: PRECIO UNIT. | N57: Vr. UNITARIO
B58: B0014610 | C58: Mortero 1:3 para juntas | J58: m3 | K58: 0.03 | L58: =VLOOKUP(B58,[34]MATERIALES!$C$6:$F$373,4,0) -> 496745.62 | N58: =K58*L58 -> 14902.369
B59: B0015250 | C59: Tubo concreto reforzado 900mm (clase II) | J59: m | K59: 1 | L59: =VLOOKUP(B59,[34]MATERIALES!$C$6:$F$373,4,0) -> 574188.61 | N59: =K59*L59 -> 574188.61
C60: Material para solado y atraque | J60: m3 | K60: 0.46 | L60: 31949 | N60: =K60*L60 -> 14696.54
N61: =K61*L61 -> 0
N62: =K62*L62 -> 0
N63: =K63*L63 -> 0
N64: =K64*L64 -> 0
N65: =K65*L65 -> 0
N66: =K66*L66 -> 0
N67: =K67*L67 -> 0
N68: =K68*L68 -> 0
N69: =K69*L69 -> 0
N70: =K70*L70 -> 0
N71: =K71*L71 -> 0
N72: =K72*L72 -> 0
B73: SUBTOTAL $ | N73: =SUM(N58:N72) -> 603787.51
B75: III. TRANSPORTES
B77: CÓDIGO | C77: DESCRIPCIÓN | I77: UNIDAD | J77: CANTIDAD (1) | K77: DISTANCIA (2) | L77: (1) * (2) | M77: TARIFA | N77: Vr. UNITARIO
B78: T0010115 | C78: Transporte de tubería de concreto | I78: kg-km | J78: 771 | K78: 20.49 | L78: =J78*K78 -> 15797.79 | M78: 121.9 | N78: =L78*M78 -> 1925750.6
C79: Transporte de material de solado y atraque de tuberiade concreto reforzada | I79: m3-km | J79: 0.46 | K79: 65 | L79: =+K79*J79 -> 29.9 | M79: 1321.12 | N79: =L79*M79 -> 39501.488
N80: =L80*M80 -> 0
C81: Nota: la tuberia es traida desde medellin pues no se produce en la costa caribe. | N81: =L81*M81 -> 0
N82: =L82*M82 -> 0
B83: SUBTOTAL $ | N83: =SUM(N78:N82) -> 1965252.1
B85: IV. MANO DE OBRA
B87: CÓDIGO | C87: DESCRIPCIÓN | I87: JORNAL | J87: PRESTACIONES (%) | K87: JR. TOTAL | L87: RENDIMIENTO | N87: Vr. UNITARIO
B88: A0030040 | C88: Obrero (4) | I88: =K88/J88*100 -> 133333.33 | J88: 185 | K88: =VLOOKUP(B88,'[34]MANO DE OBRA'!$C$15:$F$79,4,0) -> 246666.67 | L88: 16 | N88: =K88/L88 -> 15416.667
B89: A0040010 | C89: Oficial | I89: =K89/J89*100 -> 56666.667 | J89: 185 | K89: =VLOOKUP(B89,'[34]MANO DE OBRA'!$C$15:$F$79,4,0) -> 104833.33 | L89: 16 | N89: =K89/L89 -> 6552.0833
B98: SUBTOTAL $ | N98: =SUM(N88:N97) -> 21968.75
B100: TOTAL COSTO DIRECTO $ | N100: =N53+N73+N83+N98 -> 2624821.3
B102: V. COSTOS INDIRECTOS
B104: DESCRIPCIÓN | K104: Porcentaje | L104: Valor Total
B105: ADMINISTRACION | K105: 0.2 | L105: =K105*N100 -> 524964.25
B106: IMPREVISTOS | K106: 0.05 | L106: =K106*N100 -> 131241.06
B107: UTILIDAD | K107: 0.05 | L107: =K107*N100 -> 131241.06
B108: SUBTOTAL $ | N108: =L105+L106+L107 -> 787446.38
B110: Precio Unitario Total Aproximado al Peso $ | N110: =N100+N108 -> 3412267.6
E115: Firma
E116: Nombre:
E117: Representante Legal del Contratista o su Apoderado
E118: Matricula No. :
B120: OBSERVACIONES INTERVENTORÍA:
B125: APROBACIÓN POR INTERVENTORÍA
B126: Nota 1: Cuando se trate de Análisis de precios unitarios correspondientes a ítems de la propuesta económica aprobada, el Interventor aprueba el desglose de los componentes manteniendo el mismo precio unitario de cada ítem, cumpliendo con las especificaciones de construcción vigentes para el proyecto.
B128: Nota 2: Cuando se trate de Análisis de precios unitarios de ítems no previstos, el Interventor aprueba el desglose y precio unitario de cada ítem no previsto, exigiendo la aplicación de los costos correspondientes a insumos y tarifas de la propuesta económica inicial cuando estén contemplados, cumpliendo con las especificaciones de construcción vigente para el proyecto.
E134: Firma
E135: Nombre:
E136: Representante Legal del Interventor o su Apoderado
E137: Matricula No. :
B139: NOTA: Los documentos publicados periódicamente son propiedad del Instituto Nacional de Vías. Su uso con fines comerciales o de lucro a cualquier título sin previa autorización, está totalmente prohibido y constituye una infracción a la normatividad vigente.

Sheet 640.1
K1: CÓDIGO | L1: FR-APU-1
C2: INSTITUTO NACIONAL DE VIAS
C3: ANÁLISIS DE PRECIOS UNITARIOS DE REFERENCIA REGIONALIZADOS | K3: VERSIÓN | L3: 2021
C5: ACTUALIZACIÓN PERIÓDICA | K5: PÁGINA
K8: FECHA
L9: (Día) | M9: (Mes) | N9: (Año)
B10: ÍTEM BASE DE APU DE REFERENCIA: | E10: ⊠ | F10: PUBLICACIÓN: | H10: 2022-1 JUNIO 2022
B12: ÍTEM DE PROYECTO PARTICULAR:
B13: ÍTEM DE LA PROPUESTA ECONÓMICA: | E13: □ | H13: ÍTEM NO PREVISTO: | J13: □ | K13: ÍTEM APU PARTICULAR: | M13: □
B14: UNIDAD EJECUTORA: | J14: DIRECCIÓN TERRITORIAL:
B17: CONTRATO No. | D17: FECHA:
B18: OBJETO DEL CONTRATO:
B21: CARRETERA: | J21: SECTOR:
B23: CONTRATISTA:
B25: INTERVENTOR: | K25: CONTRATO No. | M25: FECHA: | N25: ______________
B27: FECHA DE CIERRE DEL PROCESO DE SELECCIÓN DEL CONTRATO: | I27: / | J27: /
F28: (Día) | H28: (Día) | I28: (Mes) | J28: (Año)
B30: DATOS ESPECÍFICOS
B32: ÍTEM | C32: DESCRIPCIÓN | J32: GRUPO DE AJUSTE | L32: UNIDAD | N32: CANTIDAD
B33: 640.1 | C33: ACERO DE REFUERZO Fy 4200 MPa | L33: kg
B35: I. EQUIPO
B37: CÓDIGO | C37: DESCRIPCIÓN | J37: TIPO | K37: TARIFA/HORA | L37: RENDIMIENTO | N37: Vr. UNITARIO
B38: C0010170 | C38: Cizalla manual de 90 cm | K38: =VLOOKUP(B38,[34]EQUIPOS!$C$6:$G$137,5,0) -> 2458.7841 | L38: =1/38.125 -> 0.026229508 | N38: =K38*L38 -> 64.492698
N39: =K39*L39 -> 0
N40: =K40*L40 -> 0
N41: =K41*L41 -> 0
N42: =K42*L42 -> 0
N43: =K43*L43 -> 0
N44: =K44*L44 -> 0
N45: =K45*L45 -> 0
N46: =K46*L46 -> 0
N47: =K47*L47 -> 0
N48: =K48*L48 -> 0
N49: =K49*L49 -> 0
N50: =K50*L50 -> 0
N51: =K51*L51 -> 0
C52: HERRAMIENTA MENOR (%) | L52: 0.02 | N52: =L52*N98 -> 10.918033
B53: SUBTOTAL $ | N53: =SUM(N38:N52) -> 75.410731
B55: II. MATERIALES
B57: CÓDIGO | C57: DESCRIPCIÓN | J57: UNIDAD | K57: CANTIDAD | L57: PRECIO UNIT. | N57: Vr. UNITARIO
B58: B0020003 | C58: Acero de refuerzo PDR-60, Fy: 4200 kg/cm2 | J58: kg | K58: 1.051 | L58: =VLOOKUP(B58,[34]MATERIALES!$C$6:$F$373,4,0) -> 4927.6832 | N58: =K58*L58 -> 5178.995
B59: B0073230 | C59: Alambre negro para amarre calibre 18 | J59: kg | K59: 0.0376 | L59: =VLOOKUP(B59,[34]MATERIALES!$C$6:$F$373,4,0) -> 7805.8628 | N59: =K59*L59 -> 293.50044
N60: =K60*L60 -> 0
N61: =K61*L61 -> 0
N62: =K62*L62 -> 0
N63: =K63*L63 -> 0
N64: =K64*L64 -> 0
N65: =K65*L65 -> 0
N66: =K66*L66 -> 0
N67: =K67*L67 -> 0
N68: =K68*L68 -> 0
N69: =K69*L69 -> 0
N70: =K70*L70 -> 0
N71: =K71*L71 -> 0
N72: =K72*L72 -> 0
B73: SUBTOTAL $ | N73: =SUM(N58:N72) -> 5472.4955
B75: III. TRANSPORTES
B77: CÓDIGO | C77: DESCRIPCIÓN | I77: UNIDAD | J77: CANTIDAD (1) | K77: DISTANCIA (2) | L77: (1) * (2) | M77: TARIFA | N77: Vr. UNITARIO
B78: T0100002 | C78: Transporte de acero | I78: kg-km | J78: 1.051 | K78: 65 | L78: =J78*K78 -> 68.315 | M78: =VLOOKUP(B78,[34]TRANSPORTE!$C$6:$F$40,4,0) -> 0.71745134 | N78: =L78*M78 -> 49.012688
N79: =L79*M79 -> 0
N80: =L80*M80 -> 0
N81: =L81*M81 -> 0
N82: =L82*M82 -> 0
B83: SUBTOTAL $ | N83: =SUM(N78:N82) -> 49.012688
B85: IV. MANO DE OBRA
B87: CÓDIGO | C87: DESCRIPCIÓN | I87: JORNAL | J87: PRESTACIONES (%) | K87: JR. TOTAL | L87: RENDIMIENTO | N87: Vr. UNITARIO
B88: A0030010 | C88: Obrero | I88: =K88/J88*100 -> 33333.333 | J88: 185 | K88: =VLOOKUP(B88,'[34]MANO DE OBRA'!$C$15:$F$79,4,0) -> 61666.667 | L88: 305 | N88: =K88/L88 -> 202.18579
B89: A0040010 | C89: Oficial | I89: =K89/J89*100 -> 56666.667 | J89: 185 | K89: =VLOOKUP(B89,'[34]MANO DE OBRA'!$C$15:$F$79,4,0) -> 104833.33 | L89: 305 | N89: =K89/L89 -> 343.71585
B98: SUBTOTAL $ | N98: =SUM(N88:N97) -> 545.90164
B100: TOTAL COSTO DIRECTO $ | N100: =N53+N73+N83+N98 -> 6142.8205
B102: V. COSTOS INDIRECTOS
B104: DESCRIPCIÓN | K104: Porcentaje | L104: Valor Total
B105: ADMINISTRACION | K105: 0.2 | L105: =K105*N100 -> 1228.5641
B106: IMPREVISTOS | K106: 0.05 | L106: =K106*N100 -> 307.14103
B107: UTILIDAD | K107: 0.05 | L107: =K107*N100 -> 307.14103
B108: SUBTOTAL $ | N108: =L105+L106+L107 -> 1842.8462
B110: Precio Unitario Total Aproximado al Peso $ | N110: =N100+N108 -> 7985.6667
E115: Firma
E116: Nombre:
E117: Representante Legal del Contratista o su Apoderado
E118: Matricula No. :
B120: OBSERVACIONES INTERVENTORÍA:
B125: APROBACIÓN POR INTERVENTORÍA
B126: Nota 1: Cuando se trate de Análisis de precios unitarios correspondientes a ítems de la propuesta económica aprobada, el Interventor aprueba el desglose de los componentes manteniendo el mismo precio unitario de cada ítem, cumpliendo con las especificaciones de construcción vigentes para el proyecto.
B128: Nota 2: Cuando se trate de Análisis de precios unitarios de ítems no previstos, el Interventor aprueba el desglose y precio unitario de cada ítem no previsto, exigiendo la aplicación de los costos correspondientes a insumos y tarifas de la propuesta económica inicial cuando estén contemplados, cumpliendo con las especificaciones de construcción vigente para el proyecto.
E134: Firma
E135: Nombre:
E136: Representante Legal del Interventor o su Apoderado
E137: Matricula No. :
B139: NOTA: Los documentos publicados periódicamente son propiedad del Instituto Nacional de Vías. Su uso con fines comerciales o de lucro a cualquier título sin previa autorización, está totalmente prohibido y constituye una infracción a la normatividad vigente.

Sheet 610.3
K1: CÓDIGO | L1: MINFRA-MN-IN-10-FR-1
C2: INSTITUTO NACIONAL DE VIAS
C3: PROCESO GESTIÓN DE LA INFRAESTRUCTURA VIAL | K3: VERSIÓN | L3: 1
C4: MANUAL DE INTERVENTORÍA OBRA PÚBLICA
C5: ANÁLISIS DE PRECIOS UNITARIOS | K5: PÁGINA | M5: DE
K8: FECHA
L9: (Día) | M9: (Mes) | N9: (Año)
B10: ITEMS DE LA PROPUESTA ECONÓMICA | F10: □ | I10: ITEMS NO PREVISTOS | K10: □
B11: UNIDAD EJECUTORA: | J11: DIRECCIÓN TERRITORIAL:
B14: CONTRATO No. | D14: DE
B15: OBJETO DEL CONTRATO:
B18: CARRETERA: | J18: SECTOR:
B20: CONTRATISTA:
B22: INTERVENTOR: | K22: CTO No.: | M22: DE
B24: FECHA CIERRE PROCESO DE SELECCIÓN CONTRATO DE OBRA:
F25: (Día) | I25: (Mes) | J25: (Año)
B27: DATOS ESPECÍFICOS
B29: ITEM | C29: DESCRIPCIÓN | K29: GRUPO DE AJUSTE | L29: UNIDAD | N29: CANTIDAD
B30: ITEM | C30: DESCRIPCIÓN | L30: UNIDAD | N30: CANTIDAD
A31: Unidad | B31: 610.3 | C31: Relleno Para Estructuras con Material Granular Tipo SBG | L31: m3
B33: I. EQUIPO
B35: DESCRIPCIÓN | I35: TIPO | K35: TARIFA/HORA | L35: RENDIMIENTO | N35: Vr. UNITARIO
A36: C0010200 | B36: =VLOOKUP(A36,[35]EQUIPOS!A6:D154,3,FALSE) -> Compactador manual (SALTARIN) Peso de operación (Kg.) 52, Fuerza de impacto por golpe (KN) 12. | K36: =VLOOKUP(A36,[35]EQUIPOS!A6:D163,4,FALSE) -> 15207.865 | M36: 2.5 | N36: =K36/M36 -> 6083.1462
B41: HERRAMIENTA MENOR (%) | M41: 0.05 | N41: =N77*M41 -> 405.9825
B43: SUBTOTAL $ | N43: =SUM(N36:N42) -> 6489.1287
B45: II. MATERIALES
B47: DESCRIPCIÓN | J47: UNIDAD | K47: CANTIDAD | L47: PRECIO UNIT. | N47: Vr. UNITARIO
A48: B0014271 | B48: =VLOOKUP(A48,[35]MATERIALES!A5:D373,3,FALSE) -> Material Granular Tipo SBG | J48: =VLOOKUP(A48,[35]MATERIALES!A4:D640,2,FALSE) -> m3 | K48: 1.3 | M48: =VLOOKUP(A48,[35]MATERIALES!A5:D396,4,FALSE) -> 38607.444 | N48: =K48*M48 -> 50189.677
A49: B0063200 | B49: =VLOOKUP(A49,[35]MATERIALES!A6:D373,3,FALSE) -> Agua | J49: =VLOOKUP(A49,[35]MATERIALES!A5:D641,2,FALSE) -> lt | K49: 30 | M49: =VLOOKUP(A49,[35]MATERIALES!A6:D397,4,FALSE) -> 55.721353 | N49: =K49*M49 -> 1671.6406
B55: SUBTOTAL $ | N55: =SUM(N48:N54) -> 51861.318
B57: III. TRANSPORTES
B59: MATERIAL | H59: UNIDAD | I59: CANTIDAD (1) | J59: DISTANCIA (2) | K59: (1) * (2) | L59: TARIFA | N59: Vr. UNITARIO
A60: T0010062 | B60: =VLOOKUP(A60,[35]TRANSPORTE!A5:D117,3,FALSE) -> Transporte de material seleccionado para relleno | H60: m3km | I60: 1.3 | J60: 127 | K60: =I60*J60 -> 165.1 | L60: =VLOOKUP(A60,[35]TRANSPORTE!A5:D117,4,FALSE) -> 1255.9989 | N60: =K60*L60 -> 207365.42
B66: SUBTOTAL $ | N66: =N60+N61+N62+N63+N64 -> 207365.42
B68: IV. MANO DE OBRA
B70: TRABAJADOR | I70: JORNAL | J70: PRESTACIONES (%) | K70: JORNAL TOTAL | L70: RENDIMIENTO | N70: Vr. UNITARIO
A71: A0030030 | B71: =VLOOKUP(A71,'[35]MANO DE OBRA'!A8:D68,3,FALSE) -> Obrero (3) | I71: =K71/J71*100 -> 87780 | J71: 185 | K71: =VLOOKUP(A71,'[35]MANO DE OBRA'!A8:D99,4,FALSE) -> 162393 | M71: 20 | N71: =K71/M71 -> 8119.65
B77: SUBTOTAL $ | N77: =SUM(N71:N76) -> 8119.65
B79: TOTAL COSTO DIRECTO $ | N79: =N43+N55+N66+N77 -> 273835.52
B81: V. COSTOS INDIRECTOS
B83: Descripción | K83: Porcentaje | L83: Valor Total
B84: ADMINISTRACION | K84: 0.2 | L84: =N79*K84 -> 54767.103
B85: IMPREVISTOS | K85: 0.05 | L85: =N79*K85 -> 13691.776
B86: UTILIDAD | K86: 0.05 | L86: =N79*K86 -> 13691.776
B87: SUBTOTAL $ | N87: =L84+L85+L86 -> 82150.655
A89: PFinal01 | B89: Precio Unitario Total Aproximado al Peso $ | N89: =ROUND((N79+N87),0) -> 355986
E94: Firma
E95: Nombre:
E96: Representante Legal del Contratista o su Apoderado
E97: Matricula No. :
B99: OBSERVACIONES INTERVENTORÍA:
B105: APROBACIÓN POR INTERVENTORÍA
B106: Nota 1: Cuando se trate de Análisis de precios unitarios correspondientes a ítems de la propuesta económica aprobada, el Interventor aprueba el desglose de los componentes manteniendo el mismo precio unitario de cada ítem, cumpliendo con las especificaciones de construcción vigentes para el proyecto.
B108: Nota 2: Cuando se trate de Análisis de precios unitarios de ítems no previstos, el Interventor aprueba el desglose y precio unitario de cada ítem no previsto, exigiendo la aplicación de los costos correspondientes a insumos y tarifas de la propuesta económica inicial cuando estén contemplados, cumpliendo con las especificaciones de construcción vigente para el proyecto.
E114: Firma
E115: Nombre:
E116: Representante Legal del Interventor o su Apoderado
E117: Matricula No. :
B119: Original: Archivo de Gestión del Contrato (Subdirección Administrativa).
B120: Copias: Unidad Ejecutora, Contratista, Interventor y Dirección Territorial.

Sheet 650.2 EP1
K1: CÓDIGO | L1: FR-APU-1
C2: INSTITUTO NACIONAL DE VIAS
C3: ANÁLISIS DE PRECIOS UNITARIOS DE REFERENCIA REGIONALIZADOS | K3: VERSIÓN | L3: 2021
C5: ACTUALIZACIÓN PERIÓDICA | K5: PÁGINA
K8: FECHA
L9: (Día) | M9: (Mes) | N9: (Año)
B10: ÍTEM BASE DE APU DE REFERENCIA: | E10: ⊠ | F10: PUBLICACIÓN: | H10: 2021-2 ENERO 2022
B12: ÍTEM DE PROYECTO PARTICULAR:
B13: ÍTEM DE LA PROPUESTA ECONÓMICA: | E13: □ | H13: ÍTEM NO PREVISTO: | J13: □ | K13: ÍTEM APU PARTICULAR: | M13: □
B14: UNIDAD EJECUTORA: | J14: DIRECCIÓN TERRITORIAL:
B17: CONTRATO No. | D17: FECHA:
B18: OBJETO DEL CONTRATO:
B21: CARRETERA: | J21: SECTOR:
B23: CONTRATISTA:
B25: INTERVENTOR: | K25: CONTRATO No. | M25: FECHA: | N25: ______________
B27: FECHA DE CIERRE DEL PROCESO DE SELECCIÓN DEL CONTRATO: | I27: / | J27: /
F28: (Día) | H28: (Día) | I28: (Mes) | J28: (Año)
B30: DATOS ESPECÍFICOS
B32: ÍTEM | C32: DESCRIPCIÓN | J32: GRUPO DE AJUSTE | L32: UNIDAD | N32: CANTIDAD
B33: 650,2EP1 | C33: SUMINISTRO E INSTALACION DE MODULO DE PISO PUENTE METALICO ( 3,04X1,04)( INCLUYE DESMONTE DE MODULO EXISTENTE). | L33: UNIDAD | N33: 1
B35: I. EQUIPO
B37: CÓDIGO | C37: DESCRIPCIÓN | J37: TIPO | K37: TARIFA/HORA | L37: RENDIMIENTO | N37: Vr. UNITARIO
B38: C0010310 | C38: Diferencial de 3 toneladas | K38: 4025 | L38: 8 | N38: =K38*L38 -> 32200
B39: C0010330 | C39: Equipo de oxicorte y soldadura, capacidad de corte 6"-14" | K39: 13652 | L39: 8 | N39: =K39*L39 -> 109216
B40: C0010380 | C40: Equipo de soldadura 600 AMP | K40: 27620 | L40: 8 | N40: =K40*L40 -> 220960
C41: Motosoldador, 300 amperios | K41: 14372 | L41: 8 | N41: =K41*L41 -> 114976
N42: =K42*L42 -> 0
N43: =K43*L43 -> 0
N44: =K44*L44 -> 0
N45: =K45*L45 -> 0
N46: =K46*L46 -> 0
N47: =K47*L47 -> 0
N48: =K48*L48 -> 0
N49: =K49*L49 -> 0
N50: =K50*L50 -> 0
C51: HERRAMIENTA MENOR (%) | L51: 0.05 | N51: =L51*N96 -> 772.96492
B52: SUBTOTAL $ | N52: =SUM(N38:N51) -> 478124.96
B54: II. MATERIALES
B56: CÓDIGO | C56: DESCRIPCIÓN | J56: UNIDAD | K56: CANTIDAD | L56: PRECIO UNIT. | N56: Vr. UNITARIO
B57: B0014050 | C57: Fundente | J57: kg | K57: 0.81 | L57: 46905 | N57: =K57*L57 -> 37993.05
B58: B0014060 | C58: Gas propano | J58: kg | K58: 0.81 | L58: 7778 | N58: =K58*L58 -> 6300.18
B59: B0014640 | C59: Oxigeno industrial | J59: kg | K59: 0.81 | L59: 11546 | N59: =K59*L59 -> 9352.26 | S59: peso(kg)
B60: B0015010 | C60: Soldadura 7018 | J60: kg | K60: 5 | L60: 23388 | N60: =K60*L60 -> 116940 | R60: Unidad | S60: calibre No 11( 5mm) | T60: densidad(kg/m3) | U60: Volumen(m3)
B61: B0020001 | C61: Acero ASTM A709 G-50 modulo | J61: kg | K61: =+S63 -> 357.475 | L61: 5713 | N61: =K61*L61 -> 2042254.7 | Q61: G-50 | S61: =+T61*U62 -> 357.475 | T61: =+(7750+8050)/2 -> 7900 | W61: D=W/V
C62: Pernos o tornillos bristol C cabeza mm Inox 304 20x80 | J62: un | K62: 11 | L62: =16211.2*1.19 -> 19291.328 | N62: =K62*L62 -> 212204.61 | Q62: area modulo(placa, viguetas y platinas) | R62: m2 | S62: =+'[36]Acero G50'!H9 -> 9.05 | U62: =+S62*0.005 -> 0.04525
C63: Tuerca Seguridad mm paso 2,5 x 2,0 | J63: un | K63: 11 | L63: =6863.5*1.19 -> 8167.565 | N63: =K63*L63 -> 89843.215 | Q63: Peso un modulo( placa, viguetas y platina) | R63: kg | S63: =+S61 -> 357.475
C64: Tuerca Seguridad mm Inox 304 2,0 paso 2,5 | J64: un | K64: 11 | L64: =6863.5*1.19 -> 8167.565 | N64: =K64*L64 -> 89843.215
C65: Doblez de lamina | J65: un | K65: 18 | L65: =9412*1.19 -> 11200.28 | N65: =K65*L65 -> 201605.04
C66: Corte Lamina | J66: un | K66: 2 | L66: =9412*1.19 -> 11200.28 | N66: =K66*L66 -> 22400.56 | U66: =9.46*0.005 -> 0.0473
C67: disco corte | J67: un | K67: 5 | L67: 5000 | N67: =K67*L67 -> 25000 | U67: =7900*0.0473 -> 373.67
N68: =K68*L68 -> 0
N69: =K69*L69 -> 0
N70: =K70*L70 -> 0
N71: =K71*L71 -> 0
B72: SUBTOTAL $ | N72: =SUM(N57:N71) -> 2853736.8
B74: III. TRANSPORTES
B76: CÓDIGO | C76: DESCRIPCIÓN | I76: UNIDAD | J76: CANTIDAD (1) | K76: DISTANCIA (2) | L76: (1) * (2) | M76: TARIFA | N76: Vr. UNITARIO
C77: Transporte de Acero ASTM A709 G-50 modulo | I77: Kg-km | J77: =+K61 -> 357.475 | K77: 35 | L77: =+J77*K77 -> 12511.625 | M77: 0.72 | N77: =L77*M77 -> 9008.37
N79: =L79*M79 -> 0
N80: =L80*M80 -> 0
N81: =L81*M81 -> 0
B82: SUBTOTAL $ | N82: =SUM(N77:N81) -> 9008.37
B84: IV. MANO DE OBRA
B86: CÓDIGO | C86: DESCRIPCIÓN | I86: JORNAL | J86: PRESTACIONES (%) | K86: JR. TOTAL | L86: RENDIMIENTO | N86: Vr. UNITARIO
B87: A0010083 | C87: Soldador (2) | I87: =K87/J87*100 -> 113333.34 | J87: 185 | K87: 209666.67 | L87: =+(1.04*3.04)*10.22 -> 32.311552 | N87: =K87/L87 -> 6488.9074 | Q87: Un m2 se hace con rendimiento de 10,22
B88: A0030030 | C88: Obrero (3) | I88: =K88/J88*100 -> 100000 | J88: 185 | K88: 185000 | L88: 32.31 | N88: =K88/L88 -> 5725.7815 | Q88: un modulo tiene un area de (1,04x3,04)= 3,16
C89: Oficial | I89: =K89/J89*100 -> 56666.665 | J89: 185 | K89: 104833.33 | L89: 32.31 | N89: =K89/L89 -> 3244.6094
B96: SUBTOTAL $ | N96: =SUM(N87:N95) -> 15459.298
B98: TOTAL COSTO DIRECTO $ | N98: =N52+N72+N82+N96 -> 3356329.4
B100: V. COSTOS INDIRECTOS
B102: DESCRIPCIÓN | K102: Porcentaje | L102: Valor Total
B103: ADMINISTRACION | K103: 0.2 | L103: =N98*K103 -> 671265.89
B104: IMPREVISTOS | K104: 0.05 | L104: =N98*K104 -> 167816.47
B105: UTILIDAD | K105: 0.05 | L105: =N98*K105 -> 167816.47
B106: SUBTOTAL $ | N106: =L103+L104+L105 -> 1006898.8
B108: Precio Unitario Total Aproximado al Peso $ | N108: =N98+N106 -> 4363228.3
E113: Firma
E114: Nombre:
E115: Representante Legal del Contratista o su Apoderado
E116: Matricula No. :
B118: OBSERVACIONES INTERVENTORÍA:
B123: APROBACIÓN POR INTERVENTORÍA
B124: Nota 1: Cuando se trate de Análisis de precios unitarios correspondientes a ítems de la propuesta económica aprobada, el Interventor aprueba el desglose de los componentes manteniendo el mismo precio unitario de cada ítem, cumpliendo con las especificaciones de construcción vigentes para el proyecto.
B126: Nota 2: Cuando se trate de Análisis de precios unitarios de ítems no previstos, el Interventor aprueba el desglose y precio unitario de cada ítem no previsto, exigiendo la aplicación de los costos correspondientes a insumos y tarifas de la propuesta económica inicial cuando estén contemplados, cumpliendo con las especificaciones de construcción vigente para el proyecto.
E132: Firma
E133: Nombre:
E134: Representante Legal del Interventor o su Apoderado
E135: Matricula No. :
B137: NOTA: Los documentos publicados periódicamente son propiedad del Instituto Nacional de Vías. Su uso con fines comerciales o de lucro a cualquier título sin previa autorización, está totalmente prohibido y constituye una infracción a la normatividad vigente.

Sheet Propuesta Económica
A1: FORMULARIO 1
A2: PRESUPUESTO OFICIAL
A4: [Los proponentes deben usar el presente formulario para determinar su propuesta económica conforme al Formulario 1 - Presupuesto Oficial publicado por la Entidad] [El presente formato aplica para los procesos de contratación que tengan como forma de pago precios unitarios, la Entidad debe ajustarlo cuando la modalidad de pago corresponde a: precio global, llave en mano, administración delegada, reembolso de gastos o cualquier otra forma de pago.]
A6: Cuando el proceso de contratación es estructurado por precios unitarios, la Entidad debe aplicar las notas 1, 2 y 3 del presente formato y las casillas de "Descripción", "Porcentaje" de la Administración, Imprevisto, Utilidad y total A.I.U. resaltadas en color amarillo.
A8: Nº | B8: ÍTEM DE PAGO | C8: ESPECIFICACIONES | E8: DESCRIPCIÓN | F8: UND. | G8: CANTIDAD | H8: VALOR UNITARIO | I8: VALOR TOTAL
C9: GENERAL | D9: PARTICULAR
A12: Subtotal
A18: Subtotal
A24: Subtotal
A29: Subtotal
A32: Subtotal
A33: SUBTOTAL OBRAS
E36: SUBTOTAL OBRAS (INCLUYE IVA)
E39: VALOR TOTAL
A42: NOTA 1: Se debe tener en cuenta que el PRECIO UNITARIO incluye el valor de A.I.U. | F42: DESCRIPCIÓN | I42: PORCENTAJE
A43: NOTA 2: Cuando la fracción decimal del peso sea igual o superior a 5 se aproximara por exceso al número entero siguiente del peso y cuando la fracción decimal del peso sea inferior a 5 se aproximará por defecto al número entero del peso. | F43: ADMINISTRACIÓN | H43: A= | I43: [Ofrecimiento del Proponente]
A44: NOTA 3: El A.I.U y su discriminación deben estar en porcentaje (%). | F44: IMPREVISTO | H44: I= | I44: [Ofrecimiento del Proponente]
A45: NOTA 4: [Excepcionalmente la Entidad podrá incluir esta nota con el fin de aclarar aspectos relacionados con ítems o descripciones de pago que tengan características particulares (por ejemplo, cuando se realicen a través de monto agotable o global), siempre que no contravengan lo establecido en los Documentos Tipo] | F45: UTILIDAD | H45: U= | I45: [Ofrecimiento del Proponente]
A46: NOTA 5: [Excepcionalmente la Entidad podrá incluir esta nota con el fin de aclarar aspectos relacionados con ítems o descripciones de pago que tengan características particulares (por ejemplo, cuando se realicen a través de monto agotable o global), siempre que no contravengan lo establecido en los Documentos Tipo] | F46: TOTAL A.I.U | H46: A.I.U.= | I46: [Ofrecimiento del Proponente]
A47: NOTA 6: [Excepcionalmente la Entidad podrá incluir esta nota con el fin de aclarar aspectos relacionados con ítems o descripciones de pago que tengan características particulares (por ejemplo, cuando se realicen a través de monto agotable o global), siempre que no contravengan lo establecido en los Documentos Tipo]
D51: Firma del Proponente o de su Representante Legal

Sheet Indicar código del item de pago
A1: FORMULARIO 1
A2: PRESUPUESTO OFICIAL
A4: [La entidad podrá utilizar este formato para la presentación de los análisis de precios unitarios del contratista en la oportunidad prevista en el numeral 8.2. del Documento Base]
B6: [NOMBRE DE LA ENTIDAD]
J7: VERSIÓN
B8: [NÚMERO DEL PROCESO]
B9: ANALISIS DE PRECIOS UNITARIOS | J9: PÁGINA | K9: 1 | L9: DE | M9: 1
J12: FECHA | K12: DD | L12: MM | M12: AA
A14: ÍTEMS DE LA PROPUESTA ECONÓMICA | G14: ÍTEMS NO PREVISTOS
A18: DATOS ESPECÍFICOS
A20: ÍTEM | B20: DESCRIPCIÓN | K20: UNIDAD | M20: CANTIDAD
A22: I. EQUIPO
A25: DESCRIPCIÓN | F25: MARCA | H25: TIPO | J25: TARIFA/HORA | K25: RENDIMIENTO | M25: Vr. UNITARIO
A29: SUBTOTAL $
A30: II. MATERIALES
A33: DESCRIPCIÓN | I33: UNIDAD | J33: CANTIDAD | K33: PRECIO UNIT. | M33: Vr. UNITARIO
A36: SUBTOTAL $ | M36: 0
A37: III. TRANSPORTES
A40: MATERIAL | H40: VOL. o PESO | I40: DISTANCIA | J40: M3 o Ton/Km | K40: TARIFA | M40: Vr. UNITARIO
A43: SUBTOTAL $
A44: IV. MANO DE OBRA
A47: TRABAJADOR | H47: JORNAL | I47: PRESTACIONES | J47: JORNAL TOTAL | K47: RENDIMIENTO | M47: Vr. UNITARIO
A52: SUBTOTAL $
A54: TOTAL COSTO DIRECTO $
A55: V. COSTOS INDIRECTOS
A58: Descripción | J58: Porcentaje | K58: Valor Total
A59: ADMINISTRACION
A60: IMPREVISTOS
A61: UTILIDAD
A62: SUBTOTAL $
A64: Precio Unitario Total Aproximado al peso $
F68: Firma
F69: Nombre:
F70: Representante Legal del Contratista o su Apoderado
F71: Matricula No. :
A73: OBSERVACIONES INTERVENTORÍA O SUPERVISIÓN
A77: APROBACIÓN POR LA INTERVENTORÍA O SUPERVISIÓN
A78: Nota 1: Cuando se trate de análisis de precios unitarios correspondientes a ítems de la propuesta económica aprobada, el interventor o supervisor aprueba el desglose de los componentes manteniendo el mismo precio unitario de cada ítem, cumpliendo con las especificaciones de construcción vigentes para el proyecto.
A80: Nota 2: Cuando se trate de Análisis de precios unitarios de ítems no previstos, el Interventor aprueba el desglose y precio unitario de cada ítem no previsto, exigiendo la aplicación de los costos correspondientes a insumos y tarifas de la propuesta económica inicial cuando estén contemplados, cumpliendo con las especificaciones de construcción vigente para el proyecto.
F83: Firma
F84: Nombre:
F85: Representante legal del interventor o su apoderado o firma del supervisor
F86: Matricula No. :
